Workbook
Name Age_OnVal_Date: Projections!$F$9
Name Completed_yrs_service: Projections!$F$11
Name Curr_Salary: Projections!$C$14
Name Discount_Rate: 'Decrements and Parameters'!$F$6
Name DoV: 'Decrements and Parameters'!$F$8
Name Max_Benefit_Amt: 'Decrements and Parameters'!$F$9
Name Retirement_Age: Projections!$C$16
Name Salary_Percentage: 'Decrements and Parameters'!$F$4

Sheet Examiner Report
A1: Introduction The Examiners’ Report is written by the Examiners with the aim of helping candidates. The solutions given are only indicative. It is realized that there could be other points as valid answers and examiner have given credit for any alternative approach or interpretation which they consider to be reasonable. The report is written based on the legislative and regulatory context pertaining to the date that the examination was set. Candidates should take into account the possibility that circumstances may have changed if using these reports for revision.
A3: A. General comments on the aims of this subject 1. The aim of this subject is to ensure that the successful candidate can analyse data, develop a model, and document the work (including maintaining an audit trail for a fellow candidate and senior actuary). They should be able to analyse the methods used and outputs generated and communicate to a senior actuary the approach, results and conclusions. 2. The subject is split into two papers The first paper covers the objectives: • analysis of data. • development of a model with clear documentation. The second paper covers: • ability to analyse the methods used and the model’s outputs. • ability to apply and interpret the results. • communication of the approach, results and conclusions to a senior actuary.
A5: B. Pass Mark The Pass Mark for this exam was 50. 212 candidates appeared and 102 passed.
A7: Question No. | C7: Comments
A8: Question | B8: Part
A9: Q1) Techniques + Checks | B9: Model techniques | C9: Many candidates made descent attempt at projecting benefit cashflows in different ways. However, there were certain common errors/issues noticed across many scripts, as listed below:
C10: · Projection of expected benefit amount on termination of employment. Most of the candidates multiplied benefit amount by probability of being employed rather than probability of termination of employment due to resignation.
C11: · Most of the candidates simply ignored calculation of benefit amount on death. Few candidates made good attempt at making an assumption about death rate and projection of expected benefit amount.
C12: Some less common errors noticed were not capping of the benefit amount to defined limit, use of annual salary instead of monthly. Overall, most of the students were able to project the cashflows.
B13: Data-checks | C13: Most of the candidates did reasonable data checks and were able to pick up data errors and correct it.
B14: Reasonableness checks | C14: Majority of the candidates missed to apply any reasonableness checks.
B15: Graphs | C15: Those candidates who couldn’t complete the model also mostly missed out to produce graphs.
A16: Q2) Audit Trail | B16: Audit Approach | C16: Most of the candidates did well in drafting of audit trail in a logical order. However, in some cases description was not detailed or clear and required to refer to model many times to understand methodology used for projection of cashflows.
B17: Audit Content | C17: Model objective, assumptions, data and data checks and correction were described well by most of the candidates. However, there was lack of details when it came to describing methodology. Also, scenario I and II were not at all described by some of the candidates. The common issues noticed were as below:
C19: 1. Description of purpose of the different tabs in the model was missing.
C20: 2. Elaboration of the calculations done was high level. Step by step and detailed description would score high marks. References to tabs, tables, formula were not captured well.
C21: 3. References to different graphs produced was missing in audit trail.
C22: 4. Spell checks was not done.
C23: This could have been due candidates allocating a lot more time to model and not having enough time for audit trial.

Sheet Audit trail
A1: Tab name | B1: Description
A2: Objective | B2: The purpose of the spreadsheet model is to calculate and compare the retirement benefit under different scenarios The objective of the spreadsheet is the valuation of the retirement benefits under different set of assumptions. The retirement benefit is payable on earlier of the following events:  attainment of retirement age; or  resignation following completion of five years of service with the same employer; or  death of the employee Retirement benefit valuation is performed under following sets of assumptions: 1. No resignations until the date of retirement 2. Fixed % of resignation year on year 3. Fixed % of resignations year on year and a minimum period of service to be eligible for the retirement benefit.
A4: Assumptions | B4: The key assumptions used in the model are listed below:
B5: • The attrition / resignation happens at the end of the year.
B6: • Salary increase/escalation happens at the end of the year and the rate remains flat over the projection period.
B7: • There are zero exits on account of health reasons or any other reasons.
B8: • At age 18 male mortality rate of 1 per 1,000 lives was assumed and to increase by 7.5% year on year. Female rates are assumed as 75% of male rates.
B9: • There is no mortality improvement and the mortality rate remains constant over the projection period.
B10: • The resignation rate remains constant over the projection period.
B11: • The company remains in operation and solvent over the projection period.
B12: • Death happens at the end of the year.
B13: • The year of resignation is considered as full year of service.
B14: • No new employees are not added to the company over the projection period.
B15: • The past service years are calculated based on the completed years of service only.
A17: Decrements and Parameters | B17: This worksheet contains all the Decrements and Parameters used in the model for calculation
B18: Parameter | C18: Description
B19: Benefit % | C19: Retirement Benefit as a % of last drawn monthly salary under different scenarios
B20: Mortality Adjustment | C20: Mortality assumption as a % of the base table under different scenarios
B21: Discount Rate | C21: Used to discount the projected liabilities to the valuation date for Base, Scenario 1 and Scenario 2
B22: Vesting Period | C22: Number of year required to vest the benefit. If service less than vesting period no benefit for Base, Scenario 1 and Scenario 2
B23: Valuation Date | C23: Date of valuation of the liability for Base, Scenario 1 and Scenario 2
B24: Capping | C24: Maximum amount of benefit that is allowed to be given, as per the capping stated in the respective scenarios
B25: Mortality Rate per life | C25: Age wise base mortality rate table for male and female lives
B26: Withdrawal Rate | C26: Provides the attrition rate (Resignation/Termination etc.) p.a. For Base, Scenario 1 and Scenario 2
A28: Corrected_Data | B28: This worksheet contains all the input data after applying the checks and appropriate modifications in the data. This sheet also provide the summary statistics of the data like total and averages etc.
B29: Column B , Row 7 onwards | C29: Serial number | D29: The data in this sheet is linked to the Original_data tab except where data correction was required and further
B30: Column C , Row 7onwards | C30: Employee id | D30: calculations are made. Corrected data is in Red colour. All the columns with calculations are highlighted separately.
B31: Column D , Row 7 onwards | C31: Name | D31: Check 1: It was checked that the age at entry was higher than 18 years. All records good.
B32: Column E , Row 7 onwards | C32: Date of Birth ( dd/mm/yyyy) | D32: Check 2: It was checked that the date of joining on or after the company formation date. Few records with DoJ prior
B33: Column F , Row 7 onwards | C33: Date of Joining (dd/mm/yyyy) (For those employees where date of joining is prior to the company commencement date - the date is changed to company commencement date) | D33: to company formation date changed to DoJ = Company formation date.
B34: Column G , Row 7 onwards | C34: Monthly salary | D34: Check 3: The retirement age was set to 60 for one record where it was provided as 65 years and salary growth rate changed to 3.5% where it was provided as 6%.
B35: Column H , Row 7 onwards | C35: Current age : age as on the date of valuation
B36: Column I , Row 7 onwards | C36: Retirement age if not equal to 60 then it is set to age 60 years
B37: Column J , Row 7 onwards | C37: Salary increment pa as per given data
B38: Column K , Row 7 onwards | C38: Past service years = (DOV - DOJ)/365; round down to zero
B39: Column L , Row 7 onwards | C39: Future years of service = Retirement age - current age
B40: Cell (U3:W6) | C40: Summary of the above data : Total of the salary ( Sum function),Average of current age , salary and past service ( Average Function) ,
B42: This sheet projects yearly benefits for a given employee and discounts the benefit value to time zero (for all three scenarios)
A44: Projections | B44: Field Name / table name | C44: Cells reference | D44: Description
B45: Data | C45: Cells (B8 : C16) | D45: Cell (B8:B16) are the parameters of individual members Cells (C8:C16) are the values taken from the corrected data sheet pertaining to the individual parameters using vlook-up function. The parameter are Employee number, ID, name, DOB, DOJ, Salary, DOV, retirement age, escalation rate etc.
B46: Projection for Base scenario | C46: Age: Column B - Row 21 onwards | D46: Age projection of individual member of selected member in cell C4.
C47: Mortality Rate: Column C - Row 21 onwards | D47: Mortality rate based on the age attained. It is taken from mortality table corresponding to the age and gender.
C48: Resignation Rate: Column D - Row 21 onwards | D48: Resignation rate for base scenario taken from the resignation rate table.
C49: nPx: Column E - Row 21 onwards | D49: It is calculation of nPx (probability of survival to n years given age x), at current age it should be 1
C50: No. of Years of Service: Column F - Row 21 onwards | D50: Number of year of service as per attained age.
C51: Liability on Death: Column G - Row 21 onwards | D51: Death liability = The benefit amount payable in the event of death. This is calculated as: Benefit amount * probability of death * nPx. Where benefit amount is calculated as: Current Salary adjusted for salary escalation * completed years of service * % of salary benefit subject to benefit amount ceiling.
C52: Liability on resignation: Column H - Row 21 onwards | D52: Resignation liability = Benefit amount (as described above) * probability of resignation * nPx
C53: Total Liability: Column I - Row 21 onwards | D53: Total Liability = Death + Resignation (Column G +Column H)
C54: Discount_fact: Column J - Row 21 onwards | D54: Discount factor to time zero for each projection year.
C55: Benefit liability: Cell F14 | D55: Calculates the Total Liability using Sum product of Liability with the respective Discount factor , as mentioned above
B56: Projection for Scenario 1 | C56: Resignation Rate1: Column L , Row 21 onwards | D56: Resignation rate projection for scenario 1 taken from resignation decrement table
C57: npx1: Column M , Row 21 onwards | D57: It is calculation of nPx based on scenario 1 parameter values, at current age it should be 1
C58: No. of Years of Service: Column N , Row 21 onwards | D58: Number of year of service in future: This should be same as base scenario.
C59: Liability on Death: Column O , Row 21 onwards | D59: Same as base scenario
C60: Liability on resignation: Column P , Row 21 onwards | D60: Same as base scenario
C61: Total Liability: Column Q , Row 21 onwards | D61: Total Liability = Death + Resignation (Column O +Column P)
C62: Discount_fact: Column R , Row 21 onwards | D62: Discount factor projection for each future year
C63: Cell G14 | D63: Calculates the Total Liability using Sum product of Liability with the respective Discount factor , as mentioned above
B64: Projection for Base Scenario 2 | C64: Resignation Rate1: Column T , Row 21 onwards | D64: Resignation rate projection for scenario 1 taken from resignation decrement table
C65: npx1: Column U , Row 21 onwards | D65: It is calculation of nPx based on scenario 1 parameter values, at current age it should be 1
C66: No. of Years of Service: Column V , Row 21 onwards | D66: Number of year of service in future: This should be same as base scenario.
C67: Liability on Death: Column W , Row 21 onwards | D67: Same as base scenario except that the benefit is set to zero if completed years of service is less than vesting age.
C68: Liability on resignation: Column X , Row 21 onwards | D68: Same as base scenario
C69: Total Liability: Column Y , Row 21 onwards | D69: Total Liability = Death + Resignation (Column O +Column P)
C70: Discount_fact: Column Z , Row 21 onwards | D70: Discount factor projection for each future year
C71: Cell H14 | D71: Calculates the Total Liability using Sum product of Liability with the respective Discount factor , as mentioned above
B72: Benefit amount projection | C72: Column AB: row 23 onwards | D72: This column calculates the benefit amount by age.
B73: 1. Check : The Accrued Liability is zero for employees with vesting period less than five years or with less than one year of service e.g. EC-0171 has less than 5 years of service. | C73: 1. Check : The Accrued Liability is zero for employees with vesting period less than five years or with less than one year of service e.g. EC-0171 has less than 5 years of service. | D73: 1. Check : The Accrued Liability is zero for employees with vesting period less than five years or with less than one year of service e.g. EC-0171 has less than 5 years of service.
B74: 2. Check : The Accrued Liability will be constant after reaching the maximum ceiling of Rs. 10 lacs | C74: 2. Check : The Accrued Liability will be constant after reaching the maximum ceiling of Rs. 10 lacs | D74: 2. Check : The Accrued Liability will be constant after reaching the maximum ceiling of Rs. 10 lacs
B75: 3. check: If the resignation rate set to 0 then nPx under base and scenario 1 and 2 should be same. | C75: 3. check: If the resignation rate set to 0 then nPx under base and scenario 1 and 2 should be same. | D75: 3. check: If the resignation rate set to 0 then nPx under base and scenario 1 and 2 should be same.
B76: 4. check: Year on year the benefit amount is increasing | C76: 4. check: Year on year the benefit amount is increasing | D76: 4. check: Year on year the benefit amount is increasing
B77: 5. check: the year on year increase in benefit amount is same if salary growth rate is set to 0
A78: Data Table | B78: This sheet shows the results of PV of liabilities and accrued liabilities for all members for all three scenarios using the Data Table function given in the MS Excel. This function does the calculation (projection) for each of the member and throws the results separately, as required in the question Row 8 column C to M picks values from the Projection tab for Data Table function.
B80: Scheme | C80: Cells | D80: Description
B81: Results for Base, Scenario 1 and Scenario 2 | C81: Column B , Row 6 onwards | D81: Serial number
C82: Column C , Row 6 onwards | D82: Employee id
C83: Column D , Row 6 onwards | D83: Name
C84: Column E , Row 6 onwards | D84: Current age - age of each member as on the date of valuation
C85: Column F , Row 6 onwards | D85: Current salary - Salary of each member on the date of valuation
C86: Column G , Row 6 onwards | D86: Past service : service of each member as on date of valuation
C87: Column H , Row 6 onwards | D87: PV of total liability based on base scenario
C88: Column I , Row 6 onwards | D88: Accrued Liability based on base scenario
C89: Column J , Row 6 onwards | D89: PV of total liability based on Scenario 1
C90: Column K , Row 6 onwards | D90: Accrued Liability based on Scenario 1
C91: Column L , Row 6 onwards | D91: PV of total liability based on Scenario 2
C92: Column M , Row 6 onwards | D92: Accrued Liability based on Scenario 2
C93: Cell from H3: M3 | D93: Total of above results by using Sum () xl formulae
A94: Chart sheet | B94: This sheet represents the results using the Charts :
B95: Appropriate bar chart is used to show the changes in PV of liabilities and accrued liabilities for all three scenarios, to demonstrate the results, as stated by the Finance Director in the question

Sheet Original_Data
B2: List of employees at Adventure Ltd. | I2: =SUM(I4:I28) -> 3242263
B3: Sr. No. | C3: Name | D3: Employee ID | E3: Date of Birth ( dd/mm/yyyy) | F3: Date of Joining ( dd/mm/yyyy) | G3: Gender | H3: Retirement Age | I3: Monthly Salary | J3: Salary Escalation Rate p.a.
B4: 1 | C4: ABC 1 | D4: EC-0001 | E4: 30266 | F4: 40360 | G4: M | H4: 60 | I4: 526700 | J4: 0.06
B5: 2 | C5: ABC 2 | D5: EC-0002 | E5: 28687 | F5: 40725 | G5: M | H5: 60 | I5: 512550 | J5: 0.06
B6: 3 | C6: ABC 3 | D6: EC-0003 | E6: 24990 | F6: 40725 | G6: M | H6: 60 | I6: 526700 | J6: 0.06
B7: 4 | C7: ABC 4 | D7: EC-0004 | E7: 24737 | F7: 40725 | G7: M | H7: 60 | I7: 510840 | J7: 0.06
B8: 5 | C8: ABC 5 | D8: EC-0005 | E8: 30916 | F8: 40725 | G8: M | H8: 60 | I8: 210000 | J8: 0.06
B9: 6 | C9: ABC 6 | D9: EC-0013 | E9: 31507 | F9: 42353 | G9: M | H9: 60 | I9: 164510 | J9: 0.06
B10: 7 | C10: ABC 7 | D10: EC-0023 | E10: 32044 | F10: 41001 | G10: M | H10: 60 | I10: 92000 | J10: 0.06
B11: 8 | C11: ABC 8 | D11: EC-0025 | E11: 30617 | F11: 41124 | G11: M | H11: 60 | I11: 55025 | J11: 0.06
B12: 9 | C12: ABC 9 | D12: EC-0029 | E12: 28353 | F12: 42250 | G12: M | H12: 60 | I12: 54023 | J12: 0.06
B13: 10 | C13: ABC 10 | D13: EC-0033 | E13: 31504 | F13: 41197 | G13: M | H13: 60 | I13: 56011 | J13: 0.06
B14: 11 | C14: ABC 11 | D14: EC-0035 | E14: 30975 | F14: 41292 | G14: M | H14: 60 | I14: 56454 | J14: 0.06
B15: 12 | C15: ABC 12 | D15: EC-0099 | E15: 32906 | F15: 41492 | G15: M | H15: 60 | I15: 52000 | J15: 0.06
... B28: 25 | C28: ABC 25 | D28: EC-0175 | E28: 33793 | F28: 44095 | G28: M | H28: 60 | I28: 18963 | J28: 0.06

Sheet Corrected_Data
B1: This sheet uses corrected data from Original_Data tab. | P1: Summary of data
P3: Total salary | R3: =SUM(G9:G33) -> 3242263
P4: Average age | R4: =AVERAGE(H9:H33) -> 37.4
P5: Average salary | R5: =AVERAGE(G9:G33) -> 129690.52
H6: Calculations | L6: Calculations | P6: Average past service | R6: =AVERAGE(L9:L33) -> 6.08
B7: S.No. | C7: Employee Code | D7: Employee Name | E7: Date of Birth (DoB) | F7: Date of Joining (DoJ) | G7: Monthly Salary | H7: Current Age | I7: Retirement Age | J7: Gender | K7: Salary Escalation Rate | L7: Past service Completed Years | M7: Future service | O7: Check
B9: =Original_Data!B4 -> 1 | C9: =Original_Data!C4 -> ABC 1 | D9: =Original_Data!D4 -> EC-0001 | E9: =Original_Data!E4 -> 30266 | F9: 40725 | G9: =Original_Data!I4 -> 526700 | H9: =ROUNDDOWN((DoV-Corrected_Data!E9)/365,0) -> 38 | I9: 60 | J9: =Original_Data!G4 -> M | K9: 0.06 | L9: =IF(OR($C9=0,$C9=""),"",ROUNDDOWN(('Decrements and Parameters'!$F$8-F9)/365,0)) -> 9 | M9: =IF(OR($C9=0,$C9=""),"",I9-H9) -> 22 | O9: =H9-L9 -> 29
B10: =Original_Data!B5 -> 2 | C10: =Original_Data!C5 -> ABC 2 | D10: =Original_Data!D5 -> EC-0002 | E10: =Original_Data!E5 -> 28687 | F10: 40725 | G10: =Original_Data!I5 -> 512550 | H10: =ROUNDDOWN((DoV-Corrected_Data!E10)/365,0) -> 42 | I10: 60 | J10: =Original_Data!G5 -> M | K10: =K9 -> 0.06 | L10: =IF(OR($C10=0,$C10=""),"",ROUNDDOWN(('Decrements and Parameters'!$F$8-F10)/365,0)) -> 9 | M10: =IF(OR($C10=0,$C10=""),"",I10-H10) -> 18 | O10: =H10-L10 -> 33
B11: =Original_Data!B6 -> 3 | C11: =Original_Data!C6 -> ABC 3 | D11: =Original_Data!D6 -> EC-0003 | E11: =Original_Data!E6 -> 24990 | F11: 40725 | G11: =Original_Data!I6 -> 526700 | H11: =ROUNDDOWN((DoV-Corrected_Data!E11)/365,0) -> 52 | I11: 60 | J11: =Original_Data!G6 -> M | K11: =K10 -> 0.06 | L11: =IF(OR($C11=0,$C11=""),"",ROUNDDOWN(('Decrements and Parameters'!$F$8-F11)/365,0)) -> 9 | M11: =IF(OR($C11=0,$C11=""),"",I11-H11) -> 8 | O11: =H11-L11 -> 43
B12: =Original_Data!B7 -> 4 | C12: =Original_Data!C7 -> ABC 4 | D12: =Original_Data!D7 -> EC-0004 | E12: =Original_Data!E7 -> 24737 | F12: 40725 | G12: =Original_Data!I7 -> 510840 | H12: =ROUNDDOWN((DoV-Corrected_Data!E12)/365,0) -> 53 | I12: 60 | J12: =Original_Data!G7 -> M | K12: =K11 -> 0.06 | L12: =IF(OR($C12=0,$C12=""),"",ROUNDDOWN(('Decrements and Parameters'!$F$8-F12)/365,0)) -> 9 | M12: =IF(OR($C12=0,$C12=""),"",I12-H12) -> 7 | O12: =H12-L12 -> 44
B13: =Original_Data!B8 -> 5 | C13: =Original_Data!C8 -> ABC 5 | D13: =Original_Data!D8 -> EC-0005 | E13: =Original_Data!E8 -> 30916 | F13: 40725 | G13: =Original_Data!I8 -> 210000 | H13: =ROUNDDOWN((DoV-Corrected_Data!E13)/365,0) -> 36 | I13: 60 | J13: =Original_Data!G8 -> M | K13: =K12 -> 0.06 | L13: =IF(OR($C13=0,$C13=""),"",ROUNDDOWN(('Decrements and Parameters'!$F$8-F13)/365,0)) -> 9 | M13: =IF(OR($C13=0,$C13=""),"",I13-H13) -> 24 | O13: =H13-L13 -> 27
B14: =Original_Data!B9 -> 6 | C14: =Original_Data!C9 -> ABC 6 | D14: =Original_Data!D9 -> EC-0013 | E14: =Original_Data!E9 -> 31507 | F14: =Original_Data!F9 -> 42353 | G14: =Original_Data!I9 -> 164510 | H14: =ROUNDDOWN((DoV-Corrected_Data!E14)/365,0) -> 34 | I14: 60 | J14: =Original_Data!G9 -> M | K14: =K13 -> 0.06 | L14: =IF(OR($C14=0,$C14=""),"",ROUNDDOWN(('Decrements and Parameters'!$F$8-F14)/365,0)) -> 5 | M14: =IF(OR($C14=0,$C14=""),"",I14-H14) -> 26 | O14: =H14-L14 -> 29
B15: =Original_Data!B10 -> 7 | C15: =Original_Data!C10 -> ABC 7 | D15: =Original_Data!D10 -> EC-0023 | E15: =Original_Data!E10 -> 32044 | F15: =Original_Data!F10 -> 41001 | G15: =Original_Data!I10 -> 92000 | H15: =ROUNDDOWN((DoV-Corrected_Data!E15)/365,0) -> 33 | I15: 60 | J15: =Original_Data!G10 -> M | K15: =K14 -> 0.06 | L15: =IF(OR($C15=0,$C15=""),"",ROUNDDOWN(('Decrements and Parameters'!$F$8-F15)/365,0)) -> 8 | M15: =IF(OR($C15=0,$C15=""),"",I15-H15) -> 27 | O15: =H15-L15 -> 25
B16: =Original_Data!B11 -> 8 | C16: =Original_Data!C11 -> ABC 8 | D16: =Original_Data!D11 -> EC-0025 | E16: =Original_Data!E11 -> 30617 | F16: =Original_Data!F11 -> 41124 | G16: =Original_Data!I11 -> 55025 | H16: =ROUNDDOWN((DoV-Corrected_Data!E16)/365,0) -> 37 | I16: 60 | J16: =Original_Data!G11 -> M | K16: =K15 -> 0.06 | L16: =IF(OR($C16=0,$C16=""),"",ROUNDDOWN(('Decrements and Parameters'!$F$8-F16)/365,0)) -> 8 | M16: =IF(OR($C16=0,$C16=""),"",I16-H16) -> 23 | O16: =H16-L16 -> 29
B17: =Original_Data!B12 -> 9 | C17: =Original_Data!C12 -> ABC 9 | D17: =Original_Data!D12 -> EC-0029 | E17: =Original_Data!E12 -> 28353 | F17: =Original_Data!F12 -> 42250 | G17: =Original_Data!I12 -> 54023 | H17: =ROUNDDOWN((DoV-Corrected_Data!E17)/365,0) -> 43 | I17: 60 | J17: =Original_Data!G12 -> M | K17: =K16 -> 0.06 | L17: =IF(OR($C17=0,$C17=""),"",ROUNDDOWN(('Decrements and Parameters'!$F$8-F17)/365,0)) -> 5 | M17: =IF(OR($C17=0,$C17=""),"",I17-H17) -> 17 | O17: =H17-L17 -> 38
B18: =Original_Data!B13 -> 10 | C18: =Original_Data!C13 -> ABC 10 | D18: =Original_Data!D13 -> EC-0033 | E18: =Original_Data!E13 -> 31504 | F18: =Original_Data!F13 -> 41197 | G18: =Original_Data!I13 -> 56011 | H18: =ROUNDDOWN((DoV-Corrected_Data!E18)/365,0) -> 34 | I18: 60 | J18: =Original_Data!G13 -> M | K18: =K17 -> 0.06 | L18: =IF(OR($C18=0,$C18=""),"",ROUNDDOWN(('Decrements and Parameters'!$F$8-F18)/365,0)) -> 8 | M18: =IF(OR($C18=0,$C18=""),"",I18-H18) -> 26 | O18: =H18-L18 -> 26
B19: =Original_Data!B14 -> 11 | C19: =Original_Data!C14 -> ABC 11 | D19: =Original_Data!D14 -> EC-0035 | E19: =Original_Data!E14 -> 30975 | F19: =Original_Data!F14 -> 41292 | G19: =Original_Data!I14 -> 56454 | H19: =ROUNDDOWN((DoV-Corrected_Data!E19)/365,0) -> 36 | I19: 60 | J19: =Original_Data!G14 -> M | K19: =K18 -> 0.06 | L19: =IF(OR($C19=0,$C19=""),"",ROUNDDOWN(('Decrements and Parameters'!$F$8-F19)/365,0)) -> 7 | M19: =IF(OR($C19=0,$C19=""),"",I19-H19) -> 24 | O19: =H19-L19 -> 29
B20: =Original_Data!B15 -> 12 | C20: =Original_Data!C15 -> ABC 12 | D20: =Original_Data!D15 -> EC-0099 | E20: =Original_Data!E15 -> 32906 | F20: =Original_Data!F15 -> 41492 | G20: =Original_Data!I15 -> 52000 | H20: =ROUNDDOWN((DoV-Corrected_Data!E20)/365,0) -> 30 | I20: 60 | J20: =Original_Data!G15 -> M | K20: =K19 -> 0.06 | L20: =IF(OR($C20=0,$C20=""),"",ROUNDDOWN(('Decrements and Parameters'!$F$8-F20)/365,0)) -> 7 | M20: =IF(OR($C20=0,$C20=""),"",I20-H20) -> 30 | O20: =H20-L20 -> 23
B21: =Original_Data!B16 -> 13 | C21: =Original_Data!C16 -> ABC 13 | D21: =Original_Data!D16 -> EC-0107 | E21: =Original_Data!E16 -> 33153 | F21: =Original_Data!F16 -> 41632 | G21: =Original_Data!I16 -> 49000 | H21: =ROUNDDOWN((DoV-Corrected_Data!E21)/365,0) -> 30 | I21: 60 | J21: =Original_Data!G16 -> M | K21: =K20 -> 0.06 | L21: =IF(OR($C21=0,$C21=""),"",ROUNDDOWN(('Decrements and Parameters'!$F$8-F21)/365,0)) -> 7 | M21: =IF(OR($C21=0,$C21=""),"",I21-H21) -> 30 | O21: =H21-L21 -> 23
B22: =Original_Data!B17 -> 14 | C22: =Original_Data!C17 -> ABC 14 | D22: =Original_Data!D17 -> EC-0113 | E22: =Original_Data!E17 -> 33057 | F22: =Original_Data!F17 -> 41692 | G22: =Original_Data!I17 -> 47058 | H22: =ROUNDDOWN((DoV-Corrected_Data!E22)/365,0) -> 30 | I22: 60 | J22: =Original_Data!G17 -> M | K22: =K21 -> 0.06 | L22: =IF(OR($C22=0,$C22=""),"",ROUNDDOWN(('Decrements and Parameters'!$F$8-F22)/365,0)) -> 6 | M22: =IF(OR($C22=0,$C22=""),"",I22-H22) -> 30 | O22: =H22-L22 -> 24
B23: =Original_Data!B18 -> 15 | C23: =Original_Data!C18 -> ABC 15 | D23: =Original_Data!D18 -> EC-0117 | E23: =Original_Data!E18 -> 30687 | F23: =Original_Data!F18 -> 41722 | G23: =Original_Data!I18 -> 46555 | H23: =ROUNDDOWN((DoV-Corrected_Data!E23)/365,0) -> 37 | I23: 60 | J23: =Original_Data!G18 -> F | K23: =K22 -> 0.06 | L23: =IF(OR($C23=0,$C23=""),"",ROUNDDOWN(('Decrements and Parameters'!$F$8-F23)/365,0)) -> 6 | M23: =IF(OR($C23=0,$C23=""),"",I23-H23) -> 23 | O23: =H23-L23 -> 31
B24: =Original_Data!B19 -> 16 | C24: =Original_Data!C19 -> ABC 16 | D24: =Original_Data!D19 -> EC-0125 | E24: =Original_Data!E19 -> 32475 | F24: =Original_Data!F19 -> 41792 | G24: =Original_Data!I19 -> 47212 | H24: =ROUNDDOWN((DoV-Corrected_Data!E24)/365,0) -> 32 | I24: 60 | J24: =Original_Data!G19 -> F | K24: =K23 -> 0.06 | L24: =IF(OR($C24=0,$C24=""),"",ROUNDDOWN(('Decrements and Parameters'!$F$8-F24)/365,0)) -> 6 | M24: =IF(OR($C24=0,$C24=""),"",I24-H24) -> 28 | O24: =H24-L24 -> 26
B25: =Original_Data!B20 -> 17 | C25: =Original_Data!C20 -> ABC 17 | D25: =Original_Data!D20 -> EC-0141 | E25: =Original_Data!E20 -> 27428 | F25: =Original_Data!F20 -> 41953 | G25: =Original_Data!I20 -> 46563 | H25: =ROUNDDOWN((DoV-Corrected_Data!E25)/365,0) -> 45 | I25: 60 | J25: =Original_Data!G20 -> M | K25: =K24 -> 0.06 | L25: =IF(OR($C25=0,$C25=""),"",ROUNDDOWN(('Decrements and Parameters'!$F$8-F25)/365,0)) -> 6 | M25: =IF(OR($C25=0,$C25=""),"",I25-H25) -> 15 | O25: =H25-L25 -> 39
... B33: =Original_Data!B28 -> 25 | C33: =Original_Data!C28 -> ABC 25 | D33: =Original_Data!D28 -> EC-0175 | E33: =Original_Data!E28 -> 33793 | F33: =Original_Data!F28 -> 44095 | G33: =Original_Data!I28 -> 18963 | H33: =ROUNDDOWN((DoV-Corrected_Data!E33)/365,0) -> 28 | I33: 60 | J33: =Original_Data!G28 -> M | K33: =K32 -> 0.06 | L33: =IF(OR($C33=0,$C33=""),"",ROUNDDOWN(('Decrements and Parameters'!$F$8-F33)/365,0)) -> 0 | M33: =IF(OR($C33=0,$C33=""),"",I33-H33) -> 32 | O33: =H33-L33 -> 28

Sheet Decrements and Parameters
B1: This sheet got the various parameter values and assumptions.
F2: Scenario
F3: Base | G3: 1 | H3: 2
D4: Benefit % | F4: 0.5 | G4: 0.5 | H4: 0.5
D5: Mortality Adjustment | F5: 1 | G5: 1 | H5: 1
D6: Discount Rate | F6: 0.055 | G6: 0.055 | H6: 0.055
D7: Vesting Period | F7: 0 | G7: 0 | H7: 5
D8: Valuation Date | F8: 44196 | G8: 44196 | H8: 44196
D9: Capping | F9: 1000000 | G9: 1000000 | H9: 1000000
B13: Mortality Rate per life | G13: Resignation / Withdrawal Rate
B14: Age | C14: Qx | D14: Qx | G14: Age | H14: Base | I14: Scenario 1 | J14: Scenario 2
C15: M | D15: F
B16: 18 | C16: =1/1000 -> 0.001 | D16: =C16*0.75 -> 0.00075 | G16: 18 | H16: 0 | I16: 0.1 | J16: 0.02
B17: 19 | C17: =MIN(C16*1.075,1) -> 0.001075 | D17: =C17*0.75 -> 0.00080625 | G17: =G16+1 -> 19 | H17: 0 | I17: =I16 -> 0.1 | J17: =J16 -> 0.02
B18: 20 | C18: =MIN(C17*1.075,1) -> 0.001155625 | D18: =C18*0.75 -> 0.00086671875 | G18: =G17+1 -> 20 | H18: 0 | I18: =I17 -> 0.1 | J18: =J17 -> 0.02
B19: 21 | C19: =MIN(C18*1.075,1) -> 0.0012422969 | D19: =C19*0.75 -> 0.00093172266 | G19: =G18+1 -> 21 | H19: 0 | I19: =I18 -> 0.1 | J19: =J18 -> 0.02
B20: 22 | C20: =MIN(C19*1.075,1) -> 0.0013354691 | D20: =C20*0.75 -> 0.0010016019 | G20: =G19+1 -> 22 | H20: 0 | I20: =I19 -> 0.1 | J20: =J19 -> 0.02
B21: 23 | C21: =MIN(C20*1.075,1) -> 0.0014356293 | D21: =C21*0.75 -> 0.001076722 | G21: =G20+1 -> 23 | H21: 0 | I21: =I20 -> 0.1 | J21: =J20 -> 0.02
B22: 24 | C22: =MIN(C21*1.075,1) -> 0.0015433015 | D22: =C22*0.75 -> 0.0011574761 | G22: =G21+1 -> 24 | H22: 0 | I22: =I21 -> 0.1 | J22: =J21 -> 0.02
B23: 25 | C23: =MIN(C22*1.075,1) -> 0.0016590491 | D23: =C23*0.75 -> 0.0012442869 | G23: =G22+1 -> 25 | H23: 0 | I23: =I22 -> 0.1 | J23: =J22 -> 0.02
B24: 26 | C24: =MIN(C23*1.075,1) -> 0.0017834778 | D24: =C24*0.75 -> 0.0013376084 | G24: =G23+1 -> 26 | H24: 0 | I24: =I23 -> 0.1 | J24: =J23 -> 0.02
B25: 27 | C25: =MIN(C24*1.075,1) -> 0.0019172387 | D25: =C25*0.75 -> 0.001437929 | G25: =G24+1 -> 27 | H25: 0 | I25: =I24 -> 0.1 | J25: =J24 -> 0.02
B26: 28 | C26: =MIN(C25*1.075,1) -> 0.0020610316 | D26: =C26*0.75 -> 0.0015457737 | G26: =G25+1 -> 28 | H26: 0 | I26: =I25 -> 0.1 | J26: =J25 -> 0.02
B27: 29 | C27: =MIN(C26*1.075,1) -> 0.0022156089 | D27: =C27*0.75 -> 0.0016617067 | G27: =G26+1 -> 29 | H27: 0 | I27: =I26 -> 0.1 | J27: =J26 -> 0.02
B28: 30 | C28: =MIN(C27*1.075,1) -> 0.0023817796 | D28: =C28*0.75 -> 0.0017863347 | G28: =G27+1 -> 30 | H28: 0 | I28: =I27 -> 0.1 | J28: =J27 -> 0.02
... B78: 80 | C78: =MIN(C77*1.075,1) -> 0.088577778 | D78: =C78*0.75 -> 0.066433334 | G78: =G77+1 -> 80 | H78: 0 | I78: =I77 -> 0.1 | J78: =J77 -> 0.02

Sheet Projections
B1: This sheet projects the benefit amount and liability for a given member until retirement age.
B2: Data | L2: Checks
L3: 1. Check : The Accrued Liability is zero for employees with vesting period less than five years or with less than one year of service e.g. EC-0171 has less than 5 years of service.
B4: Employee Serial Number | C4: 6 | L4: 2. Check : The Accrued Liability will be constant after reaching the maximum ceiling of Rs. 10 lacs
B5: Base Scenario | L5: 3. check: If the resignation rate set to 0 then nPx under base and scenario 1 and 2 should be same.
L6: 4. check: Year on year the benefit amount is increasing
B7: Data | F7: Base | G7: Scenario 1 | H7: Scenario 2 | L7: 5. check: the year on year increase in benefit amount is same if salary growth rate is set to 0
B8: Employee Number | C8: =IF('Data Table'!B8>0,'Data Table'!B8,C4) -> 6 | E8: Calculation
B9: ID | C9: =VLOOKUP($C$8,Corrected_Data!$B$9:$M$684,2,FALSE) -> ABC 6 | E9: Age | F9: =ROUND((DoV-$C$11)/365,0) -> 35
B10: Name | C10: =VLOOKUP($C$8,Corrected_Data!$B$9:$M$684,3,FALSE) -> EC-0013 | E10: Remaining Service (in year/s) | F10: =MAX(C16-F9,0) -> 25
B11: DOB | C11: =VLOOKUP($C$8,Corrected_Data!$B$9:$M$684,4,FALSE) -> 31507 | E11: Past service | F11: =ROUNDDOWN((DoV-C12)/365,0) -> 5
B12: DOJ | C12: =VLOOKUP($C$8,Corrected_Data!$B$9:$M$684,5,FALSE) -> 42353 | E12: Benefit accrued | F12: =IF(Completed_yrs_service<'Decrements and Parameters'!F7,0,MIN(Salary_Percentage*$C$14*$F$11,$F$16)) -> 411275 | G12: =IF(Completed_yrs_service<'Decrements and Parameters'!G7,0,MIN(Salary_Percentage*$C$14*$F$11,$F$16)) -> 411275 | H12: =IF(Completed_yrs_service<'Decrements and Parameters'!H7,0,MIN(Salary_Percentage*$C$14*$F$11,$F$16)) -> 411275
B13: Gender | C13: =VLOOKUP($C$8,Corrected_Data!$B$9:$M$684,9,FALSE) -> M
B14: Salary | C14: =VLOOKUP($C$8,Corrected_Data!$B$9:$M$684,6,FALSE) -> 164510 | E14: Benefit liability ( PV) | F14: =IF(F9>C16,0,SUMPRODUCT($I$23:$I$68,$J$23:$J$68)) -> 285213.36 | G14: =IF(F9>C16,0,SUMPRODUCT($Q$23:$Q$68,$R$23:$R$68)) -> 551522.95 | H14: =IF(F9>C16,0,SUMPRODUCT($Y$23:$Y$68,$Z$23:$Z$68)) -> 377199.98
B15: DOV | C15: =DoV -> 44196 | E15: One Year Service Cost | F15: =IF(F9>C16,0,SUMPRODUCT($I$24:$I$69,$J$23:$J$68)/E24)-F14 -> 15308.029
B16: Retirement Age | C16: =VLOOKUP($C$8,Corrected_Data!$B$9:$M$684,8,FALSE) -> 60 | E16: Maximum Ceiling | F16: =Max_Benefit_Amt -> 1000000
B17: Salary Escalation Rate | C17: =VLOOKUP(C9,Corrected_Data!$C$9:$M$684,9,0) -> 0.06
G19: Base | L19: Scenario 1 | T19: Scenario 2
B20: Projection | H20: Benefit Calcs
I21: check
B22: Age | C22: Mortality Rate | D22: Resignation Rate | E22: nPx | F22: No. of Years of Service | G22: Liability on Death | H22: Liability on resignation | I22: Total Liability | J22: Discount_fact | L22: Resignation Rate1 | M22: npx1 | N22: No. of Years of Service | O22: Liability on Death | P22: Liability on resignation | Q22: Total Liability | R22: Discount_fact | T22: Resignation Rate1 | U22: npx1 | V22: No. of Years of Service | W22: Liability on Death | X22: Liability on resignation | Y22: Total Liability | Z22: Discount_fact | AB22: Benefit amount | AD22: Change in Benefit amount % | AE22: Change in Benefit amount
B23: =Age_OnVal_Date -> 35 | C23: =IF(B23>Retirement_Age,"",VLOOKUP(B23,'Decrements and Parameters'!$B$16:$D$78,IF($C$13="M",2,3),FALSE)*'Decrements and Parameters'!$F$5) -> 0.0034193526 | D23: =IF(B23<Retirement_Age,VLOOKUP(B23,'Decrements and Parameters'!$G$16:$J$78,2,FALSE),IF(B23=Retirement_Age,1,"")) -> 0 | E23: =IF(B23="","",IF(B23=Age_OnVal_Date,1,E22*(1-C22)*(1-D22))) -> 1 | F23: =IF(B23="","",IF(B23=Age_OnVal_Date,$F$11,F22+1)) -> 5 | G23: =IF(B23="","",MIN(Curr_Salary*(1+$C$17)^(F23-Completed_yrs_service)*F23*Salary_Percentage,$F$16)*C23*$E23) -> 1406.2943 | H23: =IF(B23="","",IF(F23<'Decrements and Parameters'!$F$7,0,MIN(Curr_Salary*(1+$C$17)^(F23-Completed_yrs_service)*(F23+1)*Salary_Percentage,$F$16)*($D23*($E23*(1-$C23))))) -> 0 | I23: =IF(B23="","",G23+H23) -> 1406.2943 | J23: =IF(B23="","",1/(1+Discount_Rate)^(F23-Completed_yrs_service+1)) -> 0.9478673 | L23: =IF(B23<Retirement_Age,VLOOKUP(B23,'Decrements and Parameters'!$G$16:$J$78,3,FALSE),IF(B23=Retirement_Age,1,"")) -> 0.1 | M23: =IF(B23="","",IF(B23=Age_OnVal_Date,1,M22*(1-C22)*(1-L22))) -> 1 | N23: =F23 -> 5 | O23: =IF(B23="","",MIN(Curr_Salary*(1+$C$17)^(N23-Completed_yrs_service)*N23*Salary_Percentage,$F$16)*C23*$M23) -> 1406.2943 | P23: =IF(B23="","",IF(N23<'Decrements and Parameters'!$G$7,0,MIN(Curr_Salary*(1+$C$17)^(N23-Completed_yrs_service)*(N23+1)*Salary_Percentage,$F$16)*($L23*($M23-M23*$C23)))) -> 49184.245 | Q23: =IF(B23="","",O23+P23) -> 50590.539 | R23: =IF(B23="","",1/(1+'Decrements and Parameters'!$G$6)^(F23-Completed_yrs_service+1)) -> 0.9478673 | T23: =IF(B23<Retirement_Age,VLOOKUP(B23,'Decrements and Parameters'!$G$16:$J$78,4,FALSE),IF(B23=Retirement_Age,1,"")) -> 0.02 | U23: =IF(B23="","",IF(B23=Age_OnVal_Date,1,U22*(1-C22)*(1-T22))) -> 1 | V23: =N23 -> 5 | W23: =IF(B23="","",MIN(Curr_Salary*(1+$C$17)^(F23-Completed_yrs_service)*F23*Salary_Percentage,$F$16)*C23*$U23) -> 1406.2943 | X23: =IF(B23="","",IF(V23<'Decrements and Parameters'!$H$7,0,MIN(Curr_Salary*(1+$C$17)^(V23-Completed_yrs_service)*(V23+1)*Salary_Percentage,$F$16)*$T23*($U23-U23*$C23))) -> 9836.8489 | Y23: =IF(B23="","",W23+X23) -> 11243.143 | Z23: =IF(B23="","",1/(1+'Decrements and Parameters'!$H$6)^(F23-Completed_yrs_service+1)) -> 0.9478673 | AB23: =IF(B23="","",MIN(Curr_Salary*(1+$C$17)^(F23-Completed_yrs_service)*F23*Salary_Percentage,$F$16)) -> 411275
B24: =IF(B23<Retirement_Age,B23+1,"") -> 36 | C24: =IF(B24>Retirement_Age,"",VLOOKUP(B24,'Decrements and Parameters'!$B$16:$D$78,IF($C$13="M",2,3),FALSE)*'Decrements and Parameters'!$F$5) -> 0.0036758041 | D24: =IF(B24<Retirement_Age,VLOOKUP(B24,'Decrements and Parameters'!$G$16:$J$78,2,FALSE),IF(B24=Retirement_Age,1,"")) -> 0 | E24: =IF(B24="","",IF(B24=Age_OnVal_Date,1,E23*(1-C23)*(1-D23))) -> 0.99658065 | F24: =IF(B24="","",IF(B24=Age_OnVal_Date,$F$11,F23+1)) -> 6 | G24: =IF(B24="","",MIN(Curr_Salary*(1+$C$17)^(F24-Completed_yrs_service)*F24*Salary_Percentage,$F$16)*C24*$E24) -> 1916.3915 | H24: =IF(B24="","",IF(F24<'Decrements and Parameters'!$F$7,0,MIN(Curr_Salary*(1+$C$17)^(F24-Completed_yrs_service)*(F24+1)*Salary_Percentage,$F$16)*($D24*($E24*(1-$C24))))) -> 0 | I24: =IF(B24="","",G24+H24) -> 1916.3915 | J24: =IF(B24="","",1/(1+Discount_Rate)^(F24-Completed_yrs_service+1)) -> 0.89845242 | L24: =IF(B24<Retirement_Age,VLOOKUP(B24,'Decrements and Parameters'!$G$16:$J$78,3,FALSE),IF(B24=Retirement_Age,1,"")) -> 0.1 | M24: =IF(B24="","",IF(B24=Age_OnVal_Date,1,M23*(1-C23)*(1-L23))) -> 0.89692258 | N24: =F24 -> 6 | O24: =IF(B24="","",MIN(Curr_Salary*(1+$C$17)^(N24-Completed_yrs_service)*N24*Salary_Percentage,$F$16)*C24*$M24) -> 1724.7523 | P24: =IF(B24="","",IF(N24<'Decrements and Parameters'!$G$7,0,MIN(Curr_Salary*(1+$C$17)^(N24-Completed_yrs_service)*(N24+1)*Salary_Percentage,$F$16)*($L24*($M24-M24*$C24)))) -> 54540.843 | Q24: =IF(B24="","",O24+P24) -> 56265.596 | R24: =IF(B24="","",1/(1+'Decrements and Parameters'!$G$6)^(F24-Completed_yrs_service+1)) -> 0.89845242 | T24: =IF(B24<Retirement_Age,VLOOKUP(B24,'Decrements and Parameters'!$G$16:$J$78,4,FALSE),IF(B24=Retirement_Age,1,"")) -> 0.02 | U24: =IF(B24="","",IF(B24=Age_OnVal_Date,1,U23*(1-C23)*(1-T23))) -> 0.97664903 | V24: =N24 -> 6 | W24: =IF(B24="","",MIN(Curr_Salary*(1+$C$17)^(F24-Completed_yrs_service)*F24*Salary_Percentage,$F$16)*C24*$U24) -> 1878.0636 | X24: =IF(B24="","",IF(V24<'Decrements and Parameters'!$H$7,0,MIN(Curr_Salary*(1+$C$17)^(V24-Completed_yrs_service)*(V24+1)*Salary_Percentage,$F$16)*$T24*($U24-U24*$C24))) -> 11877.784 | Y24: =IF(B24="","",W24+X24) -> 13755.847 | Z24: =IF(B24="","",1/(1+'Decrements and Parameters'!$H$6)^(F24-Completed_yrs_service+1)) -> 0.89845242 | AB24: =IF(B24="","",MIN(Curr_Salary*(1+$C$17)^(F24-Completed_yrs_service)*F24*Salary_Percentage,$F$16)) -> 523141.8 | AD24: =AB24/AB23 -> 1.272 | AE24: =+AB24-AB23 -> 111866.8
B25: =IF(B24<Retirement_Age,B24+1,"") -> 37 | C25: =IF(B25>Retirement_Age,"",VLOOKUP(B25,'Decrements and Parameters'!$B$16:$D$78,IF($C$13="M",2,3),FALSE)*'Decrements and Parameters'!$F$5) -> 0.0039514894 | D25: =IF(B25<Retirement_Age,VLOOKUP(B25,'Decrements and Parameters'!$G$16:$J$78,2,FALSE),IF(B25=Retirement_Age,1,"")) -> 0 | E25: =IF(B25="","",IF(B25=Age_OnVal_Date,1,E24*(1-C24)*(1-D24))) -> 0.99291741 | F25: =IF(B25="","",IF(B25=Age_OnVal_Date,$F$11,F24+1)) -> 7 | G25: =IF(B25="","",MIN(Curr_Salary*(1+$C$17)^(F25-Completed_yrs_service)*F25*Salary_Percentage,$F$16)*C25*$E25) -> 2538.318 | H25: =IF(B25="","",IF(F25<'Decrements and Parameters'!$F$7,0,MIN(Curr_Salary*(1+$C$17)^(F25-Completed_yrs_service)*(F25+1)*Salary_Percentage,$F$16)*($D25*($E25*(1-$C25))))) -> 0 | I25: =IF(B25="","",G25+H25) -> 2538.318 | J25: =IF(B25="","",1/(1+Discount_Rate)^(F25-Completed_yrs_service+1)) -> 0.85161366 | L25: =IF(B25<Retirement_Age,VLOOKUP(B25,'Decrements and Parameters'!$G$16:$J$78,3,FALSE),IF(B25=Retirement_Age,1,"")) -> 0.1 | M25: =IF(B25="","",IF(B25=Age_OnVal_Date,1,M24*(1-C24)*(1-L24))) -> 0.8042631 | N25: =F25 -> 7 | O25: =IF(B25="","",MIN(Curr_Salary*(1+$C$17)^(N25-Completed_yrs_service)*N25*Salary_Percentage,$F$16)*C25*$M25) -> 2056.0376 | P25: =IF(B25="","",IF(N25<'Decrements and Parameters'!$G$7,0,MIN(Curr_Salary*(1+$C$17)^(N25-Completed_yrs_service)*(N25+1)*Salary_Percentage,$F$16)*($L25*($M25-M25*$C25)))) -> 59230.127 | Q25: =IF(B25="","",O25+P25) -> 61286.164 | R25: =IF(B25="","",1/(1+'Decrements and Parameters'!$G$6)^(F25-Completed_yrs_service+1)) -> 0.85161366 | T25: =IF(B25<Retirement_Age,VLOOKUP(B25,'Decrements and Parameters'!$G$16:$J$78,4,FALSE),IF(B25=Retirement_Age,1,"")) -> 0.02 | U25: =IF(B25="","",IF(B25=Age_OnVal_Date,1,U24*(1-C24)*(1-T24))) -> 0.95359788 | V25: =N25 -> 7 | W25: =IF(B25="","",MIN(Curr_Salary*(1+$C$17)^(F25-Completed_yrs_service)*F25*Salary_Percentage,$F$16)*C25*$U25) -> 2437.8006 | X25: =IF(B25="","",IF(V25<'Decrements and Parameters'!$H$7,0,MIN(Curr_Salary*(1+$C$17)^(V25-Completed_yrs_service)*(V25+1)*Salary_Percentage,$F$16)*$T25*($U25-U25*$C25))) -> 14045.584 | Y25: =IF(B25="","",W25+X25) -> 16483.384 | Z25: =IF(B25="","",1/(1+'Decrements and Parameters'!$H$6)^(F25-Completed_yrs_service+1)) -> 0.85161366 | AB25: =IF(B25="","",MIN(Curr_Salary*(1+$C$17)^(F25-Completed_yrs_service)*F25*Salary_Percentage,$F$16)) -> 646952.03 | AD25: =AB25/AB24 -> 1.2366667 | AE25: =+AB25-AB24 -> 123810.23
B26: =IF(B25<Retirement_Age,B25+1,"") -> 38 | C26: =IF(B26>Retirement_Age,"",VLOOKUP(B26,'Decrements and Parameters'!$B$16:$D$78,IF($C$13="M",2,3),FALSE)*'Decrements and Parameters'!$F$5) -> 0.0042478511 | D26: =IF(B26<Retirement_Age,VLOOKUP(B26,'Decrements and Parameters'!$G$16:$J$78,2,FALSE),IF(B26=Retirement_Age,1,"")) -> 0 | E26: =IF(B26="","",IF(B26=Age_OnVal_Date,1,E25*(1-C25)*(1-D25))) -> 0.98899391 | F26: =IF(B26="","",IF(B26=Age_OnVal_Date,$F$11,F25+1)) -> 8 | G26: =IF(B26="","",MIN(Curr_Salary*(1+$C$17)^(F26-Completed_yrs_service)*F26*Salary_Percentage,$F$16)*C26*$E26) -> 3292.5531 | H26: =IF(B26="","",IF(F26<'Decrements and Parameters'!$F$7,0,MIN(Curr_Salary*(1+$C$17)^(F26-Completed_yrs_service)*(F26+1)*Salary_Percentage,$F$16)*($D26*($E26*(1-$C26))))) -> 0 | I26: =IF(B26="","",G26+H26) -> 3292.5531 | J26: =IF(B26="","",1/(1+Discount_Rate)^(F26-Completed_yrs_service+1)) -> 0.80721674 | L26: =IF(B26<Retirement_Age,VLOOKUP(B26,'Decrements and Parameters'!$G$16:$J$78,3,FALSE),IF(B26=Retirement_Age,1,"")) -> 0.1 | M26: =IF(B26="","",IF(B26=Age_OnVal_Date,1,M25*(1-C25)*(1-L25))) -> 0.72097656 | N26: =F26 -> 8 | O26: =IF(B26="","",MIN(Curr_Salary*(1+$C$17)^(N26-Completed_yrs_service)*N26*Salary_Percentage,$F$16)*C26*$M26) -> 2400.2712 | P26: =IF(B26="","",IF(N26<'Decrements and Parameters'!$G$7,0,MIN(Curr_Salary*(1+$C$17)^(N26-Completed_yrs_service)*(N26+1)*Salary_Percentage,$F$16)*($L26*($M26-M26*$C26)))) -> 63298.703 | Q26: =IF(B26="","",O26+P26) -> 65698.974 | R26: =IF(B26="","",1/(1+'Decrements and Parameters'!$G$6)^(F26-Completed_yrs_service+1)) -> 0.80721674 | T26: =IF(B26<Retirement_Age,VLOOKUP(B26,'Decrements and Parameters'!$G$16:$J$78,4,FALSE),IF(B26=Retirement_Age,1,"")) -> 0.02 | U26: =IF(B26="","",IF(B26=Age_OnVal_Date,1,U25*(1-C25)*(1-T25))) -> 0.93083316 | V26: =N26 -> 8 | W26: =IF(B26="","",MIN(Curr_Salary*(1+$C$17)^(F26-Completed_yrs_service)*F26*Salary_Percentage,$F$16)*C26*$U26) -> 3098.9247 | X26: =IF(B26="","",IF(V26<'Decrements and Parameters'!$H$7,0,MIN(Curr_Salary*(1+$C$17)^(V26-Completed_yrs_service)*(V26+1)*Salary_Percentage,$F$16)*$T26*($U26-U26*$C26))) -> 16344.645 | Y26: =IF(B26="","",W26+X26) -> 19443.57 | Z26: =IF(B26="","",1/(1+'Decrements and Parameters'!$H$6)^(F26-Completed_yrs_service+1)) -> 0.80721674 | AB26: =IF(B26="","",MIN(Curr_Salary*(1+$C$17)^(F26-Completed_yrs_service)*F26*Salary_Percentage,$F$16)) -> 783736.17 | AD26: =AB26/AB25 -> 1.2114286 | AE26: =+AB26-AB25 -> 136784.14
B27: =IF(B26<Retirement_Age,B26+1,"") -> 39 | C27: =IF(B27>Retirement_Age,"",VLOOKUP(B27,'Decrements and Parameters'!$B$16:$D$78,IF($C$13="M",2,3),FALSE)*'Decrements and Parameters'!$F$5) -> 0.0045664399 | D27: =IF(B27<Retirement_Age,VLOOKUP(B27,'Decrements and Parameters'!$G$16:$J$78,2,FALSE),IF(B27=Retirement_Age,1,"")) -> 0 | E27: =IF(B27="","",IF(B27=Age_OnVal_Date,1,E26*(1-C26)*(1-D26))) -> 0.98479281 | F27: =IF(B27="","",IF(B27=Age_OnVal_Date,$F$11,F26+1)) -> 9 | G27: =IF(B27="","",MIN(Curr_Salary*(1+$C$17)^(F27-Completed_yrs_service)*F27*Salary_Percentage,$F$16)*C27*$E27) -> 4202.9178 | H27: =IF(B27="","",IF(F27<'Decrements and Parameters'!$F$7,0,MIN(Curr_Salary*(1+$C$17)^(F27-Completed_yrs_service)*(F27+1)*Salary_Percentage,$F$16)*($D27*($E27*(1-$C27))))) -> 0 | I27: =IF(B27="","",G27+H27) -> 4202.9178 | J27: =IF(B27="","",1/(1+Discount_Rate)^(F27-Completed_yrs_service+1)) -> 0.76513435 | L27: =IF(B27<Retirement_Age,VLOOKUP(B27,'Decrements and Parameters'!$G$16:$J$78,3,FALSE),IF(B27=Retirement_Age,1,"")) -> 0.1 | M27: =IF(B27="","",IF(B27=Age_OnVal_Date,1,M26*(1-C26)*(1-L26))) -> 0.64612256 | N27: =F27 -> 9 | O27: =IF(B27="","",MIN(Curr_Salary*(1+$C$17)^(N27-Completed_yrs_service)*N27*Salary_Percentage,$F$16)*C27*$M27) -> 2757.5344 | P27: =IF(B27="","",IF(N27<'Decrements and Parameters'!$G$7,0,MIN(Curr_Salary*(1+$C$17)^(N27-Completed_yrs_service)*(N27+1)*Salary_Percentage,$F$16)*($L27*($M27-M27*$C27)))) -> 64317.208 | Q27: =IF(B27="","",O27+P27) -> 67074.743 | R27: =IF(B27="","",1/(1+'Decrements and Parameters'!$G$6)^(F27-Completed_yrs_service+1)) -> 0.76513435 | T27: =IF(B27<Retirement_Age,VLOOKUP(B27,'Decrements and Parameters'!$G$16:$J$78,4,FALSE),IF(B27=Retirement_Age,1,"")) -> 0.02 | U27: =IF(B27="","",IF(B27=Age_OnVal_Date,1,U26*(1-C26)*(1-T26))) -> 0.90834153 | V27: =N27 -> 9 | W27: =IF(B27="","",MIN(Curr_Salary*(1+$C$17)^(F27-Completed_yrs_service)*F27*Salary_Percentage,$F$16)*C27*$U27) -> 3876.6376 | X27: =IF(B27="","",IF(V27<'Decrements and Parameters'!$H$7,0,MIN(Curr_Salary*(1+$C$17)^(V27-Completed_yrs_service)*(V27+1)*Salary_Percentage,$F$16)*$T27*($U27-U27*$C27))) -> 18083.873 | Y27: =IF(B27="","",W27+X27) -> 21960.51 | Z27: =IF(B27="","",1/(1+'Decrements and Parameters'!$H$6)^(F27-Completed_yrs_service+1)) -> 0.76513435 | AB27: =IF(B27="","",MIN(Curr_Salary*(1+$C$17)^(F27-Completed_yrs_service)*F27*Salary_Percentage,$F$16)) -> 934605.38 | AD27: =AB27/AB26 -> 1.1925 | AE27: =+AB27-AB26 -> 150869.21
B28: =IF(B27<Retirement_Age,B27+1,"") -> 40 | C28: =IF(B28>Retirement_Age,"",VLOOKUP(B28,'Decrements and Parameters'!$B$16:$D$78,IF($C$13="M",2,3),FALSE)*'Decrements and Parameters'!$F$5) -> 0.0049089229 | D28: =IF(B28<Retirement_Age,VLOOKUP(B28,'Decrements and Parameters'!$G$16:$J$78,2,FALSE),IF(B28=Retirement_Age,1,"")) -> 0 | E28: =IF(B28="","",IF(B28=Age_OnVal_Date,1,E27*(1-C27)*(1-D27))) -> 0.98029581 | F28: =IF(B28="","",IF(B28=Age_OnVal_Date,$F$11,F27+1)) -> 10 | G28: =IF(B28="","",MIN(Curr_Salary*(1+$C$17)^(F28-Completed_yrs_service)*F28*Salary_Percentage,$F$16)*C28*$E28) -> 4812.1966 | H28: =IF(B28="","",IF(F28<'Decrements and Parameters'!$F$7,0,MIN(Curr_Salary*(1+$C$17)^(F28-Completed_yrs_service)*(F28+1)*Salary_Percentage,$F$16)*($D28*($E28*(1-$C28))))) -> 0 | I28: =IF(B28="","",G28+H28) -> 4812.1966 | J28: =IF(B28="","",1/(1+Discount_Rate)^(F28-Completed_yrs_service+1)) -> 0.72524583 | L28: =IF(B28<Retirement_Age,VLOOKUP(B28,'Decrements and Parameters'!$G$16:$J$78,3,FALSE),IF(B28=Retirement_Age,1,"")) -> 0.1 | M28: =IF(B28="","",IF(B28=Age_OnVal_Date,1,M27*(1-C27)*(1-L27))) -> 0.57885487 | N28: =F28 -> 10 | O28: =IF(B28="","",MIN(Curr_Salary*(1+$C$17)^(N28-Completed_yrs_service)*N28*Salary_Percentage,$F$16)*C28*$M28) -> 2841.554 | P28: =IF(B28="","",IF(N28<'Decrements and Parameters'!$G$7,0,MIN(Curr_Salary*(1+$C$17)^(N28-Completed_yrs_service)*(N28+1)*Salary_Percentage,$F$16)*($L28*($M28-M28*$C28)))) -> 57601.332 | Q28: =IF(B28="","",O28+P28) -> 60442.886 | R28: =IF(B28="","",1/(1+'Decrements and Parameters'!$G$6)^(F28-Completed_yrs_service+1)) -> 0.72524583 | T28: =IF(B28<Retirement_Age,VLOOKUP(B28,'Decrements and Parameters'!$G$16:$J$78,4,FALSE),IF(B28=Retirement_Age,1,"")) -> 0.02 | U28: =IF(B28="","",IF(B28=Age_OnVal_Date,1,U27*(1-C27)*(1-T27))) -> 0.88610977 | V28: =N28 -> 10 | W28: =IF(B28="","",MIN(Curr_Salary*(1+$C$17)^(F28-Completed_yrs_service)*F28*Salary_Percentage,$F$16)*C28*$U28) -> 4349.8446 | X28: =IF(B28="","",IF(V28<'Decrements and Parameters'!$H$7,0,MIN(Curr_Salary*(1+$C$17)^(V28-Completed_yrs_service)*(V28+1)*Salary_Percentage,$F$16)*$T28*($U28-U28*$C28))) -> 17635.199 | Y28: =IF(B28="","",W28+X28) -> 21985.043 | Z28: =IF(B28="","",1/(1+'Decrements and Parameters'!$H$6)^(F28-Completed_yrs_service+1)) -> 0.72524583 | AB28: =IF(B28="","",MIN(Curr_Salary*(1+$C$17)^(F28-Completed_yrs_service)*F28*Salary_Percentage,$F$16)) -> 1000000 | AD28: =AB28/AB27 -> 1.0699703 | AE28: =+AB28-AB27 -> 65394.619
B29: =IF(B28<Retirement_Age,B28+1,"") -> 41 | C29: =IF(B29>Retirement_Age,"",VLOOKUP(B29,'Decrements and Parameters'!$B$16:$D$78,IF($C$13="M",2,3),FALSE)*'Decrements and Parameters'!$F$5) -> 0.0052770921 | D29: =IF(B29<Retirement_Age,VLOOKUP(B29,'Decrements and Parameters'!$G$16:$J$78,2,FALSE),IF(B29=Retirement_Age,1,"")) -> 0 | E29: =IF(B29="","",IF(B29=Age_OnVal_Date,1,E28*(1-C28)*(1-D28))) -> 0.97548362 | F29: =IF(B29="","",IF(B29=Age_OnVal_Date,$F$11,F28+1)) -> 11 | G29: =IF(B29="","",MIN(Curr_Salary*(1+$C$17)^(F29-Completed_yrs_service)*F29*Salary_Percentage,$F$16)*C29*$E29) -> 5147.7169 | H29: =IF(B29="","",IF(F29<'Decrements and Parameters'!$F$7,0,MIN(Curr_Salary*(1+$C$17)^(F29-Completed_yrs_service)*(F29+1)*Salary_Percentage,$F$16)*($D29*($E29*(1-$C29))))) -> 0 | I29: =IF(B29="","",G29+H29) -> 5147.7169 | J29: =IF(B29="","",1/(1+Discount_Rate)^(F29-Completed_yrs_service+1)) -> 0.68743681 | L29: =IF(B29<Retirement_Age,VLOOKUP(B29,'Decrements and Parameters'!$G$16:$J$78,3,FALSE),IF(B29=Retirement_Age,1,"")) -> 0.1 | M29: =IF(B29="","",IF(B29=Age_OnVal_Date,1,M28*(1-C28)*(1-L28))) -> 0.51841199 | N29: =F29 -> 11 | O29: =IF(B29="","",MIN(Curr_Salary*(1+$C$17)^(N29-Completed_yrs_service)*N29*Salary_Percentage,$F$16)*C29*$M29) -> 2735.7078 | P29: =IF(B29="","",IF(N29<'Decrements and Parameters'!$G$7,0,MIN(Curr_Salary*(1+$C$17)^(N29-Completed_yrs_service)*(N29+1)*Salary_Percentage,$F$16)*($L29*($M29-M29*$C29)))) -> 51567.628 | Q29: =IF(B29="","",O29+P29) -> 54303.336 | R29: =IF(B29="","",1/(1+'Decrements and Parameters'!$G$6)^(F29-Completed_yrs_service+1)) -> 0.68743681 | T29: =IF(B29<Retirement_Age,VLOOKUP(B29,'Decrements and Parameters'!$G$16:$J$78,4,FALSE),IF(B29=Retirement_Age,1,"")) -> 0.02 | U29: =IF(B29="","",IF(B29=Age_OnVal_Date,1,U28*(1-C28)*(1-T28))) -> 0.86412473 | V29: =N29 -> 11 | W29: =IF(B29="","",MIN(Curr_Salary*(1+$C$17)^(F29-Completed_yrs_service)*F29*Salary_Percentage,$F$16)*C29*$U29) -> 4560.0658 | X29: =IF(B29="","",IF(V29<'Decrements and Parameters'!$H$7,0,MIN(Curr_Salary*(1+$C$17)^(V29-Completed_yrs_service)*(V29+1)*Salary_Percentage,$F$16)*$T29*($U29-U29*$C29))) -> 17191.293 | Y29: =IF(B29="","",W29+X29) -> 21751.359 | Z29: =IF(B29="","",1/(1+'Decrements and Parameters'!$H$6)^(F29-Completed_yrs_service+1)) -> 0.68743681 | AB29: =IF(B29="","",MIN(Curr_Salary*(1+$C$17)^(F29-Completed_yrs_service)*F29*Salary_Percentage,$F$16)) -> 1000000 | AD29: =AB29/AB28 -> 1 | AE29: =+AB29-AB28 -> 0
B30: =IF(B29<Retirement_Age,B29+1,"") -> 42 | C30: =IF(B30>Retirement_Age,"",VLOOKUP(B30,'Decrements and Parameters'!$B$16:$D$78,IF($C$13="M",2,3),FALSE)*'Decrements and Parameters'!$F$5) -> 0.0056728741 | D30: =IF(B30<Retirement_Age,VLOOKUP(B30,'Decrements and Parameters'!$G$16:$J$78,2,FALSE),IF(B30=Retirement_Age,1,"")) -> 0 | E30: =IF(B30="","",IF(B30=Age_OnVal_Date,1,E29*(1-C29)*(1-D29))) -> 0.9703359 | F30: =IF(B30="","",IF(B30=Age_OnVal_Date,$F$11,F29+1)) -> 12 | G30: =IF(B30="","",MIN(Curr_Salary*(1+$C$17)^(F30-Completed_yrs_service)*F30*Salary_Percentage,$F$16)*C30*$E30) -> 5504.5934 | H30: =IF(B30="","",IF(F30<'Decrements and Parameters'!$F$7,0,MIN(Curr_Salary*(1+$C$17)^(F30-Completed_yrs_service)*(F30+1)*Salary_Percentage,$F$16)*($D30*($E30*(1-$C30))))) -> 0 | I30: =IF(B30="","",G30+H30) -> 5504.5934 | J30: =IF(B30="","",1/(1+Discount_Rate)^(F30-Completed_yrs_service+1)) -> 0.65159887 | L30: =IF(B30<Retirement_Age,VLOOKUP(B30,'Decrements and Parameters'!$G$16:$J$78,3,FALSE),IF(B30=Retirement_Age,1,"")) -> 0.1 | M30: =IF(B30="","",IF(B30=Age_OnVal_Date,1,M29*(1-C29)*(1-L29))) -> 0.46410865 | N30: =F30 -> 12 | O30: =IF(B30="","",MIN(Curr_Salary*(1+$C$17)^(N30-Completed_yrs_service)*N30*Salary_Percentage,$F$16)*C30*$M30) -> 2632.8299 | P30: =IF(B30="","",IF(N30<'Decrements and Parameters'!$G$7,0,MIN(Curr_Salary*(1+$C$17)^(N30-Completed_yrs_service)*(N30+1)*Salary_Percentage,$F$16)*($L30*($M30-M30*$C30)))) -> 46147.582 | Q30: =IF(B30="","",O30+P30) -> 48780.412 | R30: =IF(B30="","",1/(1+'Decrements and Parameters'!$G$6)^(F30-Completed_yrs_service+1)) -> 0.65159887 | T30: =IF(B30<Retirement_Age,VLOOKUP(B30,'Decrements and Parameters'!$G$16:$J$78,4,FALSE),IF(B30=Retirement_Age,1,"")) -> 0.02 | U30: =IF(B30="","",IF(B30=Age_OnVal_Date,1,U29*(1-C29)*(1-T29))) -> 0.84237337 | V30: =N30 -> 12 | W30: =IF(B30="","",MIN(Curr_Salary*(1+$C$17)^(F30-Completed_yrs_service)*F30*Salary_Percentage,$F$16)*C30*$U30) -> 4778.678 | X30: =IF(B30="","",IF(V30<'Decrements and Parameters'!$H$7,0,MIN(Curr_Salary*(1+$C$17)^(V30-Completed_yrs_service)*(V30+1)*Salary_Percentage,$F$16)*$T30*($U30-U30*$C30))) -> 16751.894 | Y30: =IF(B30="","",W30+X30) -> 21530.572 | Z30: =IF(B30="","",1/(1+'Decrements and Parameters'!$H$6)^(F30-Completed_yrs_service+1)) -> 0.65159887 | AB30: =IF(B30="","",MIN(Curr_Salary*(1+$C$17)^(F30-Completed_yrs_service)*F30*Salary_Percentage,$F$16)) -> 1000000 | AD30: =AB30/AB29 -> 1 | AE30: =+AB30-AB29 -> 0
B31: =IF(B30<Retirement_Age,B30+1,"") -> 43 | C31: =IF(B31>Retirement_Age,"",VLOOKUP(B31,'Decrements and Parameters'!$B$16:$D$78,IF($C$13="M",2,3),FALSE)*'Decrements and Parameters'!$F$5) -> 0.0060983396 | D31: =IF(B31<Retirement_Age,VLOOKUP(B31,'Decrements and Parameters'!$G$16:$J$78,2,FALSE),IF(B31=Retirement_Age,1,"")) -> 0 | E31: =IF(B31="","",IF(B31=Age_OnVal_Date,1,E30*(1-C30)*(1-D30))) -> 0.96483131 | F31: =IF(B31="","",IF(B31=Age_OnVal_Date,$F$11,F30+1)) -> 13 | G31: =IF(B31="","",MIN(Curr_Salary*(1+$C$17)^(F31-Completed_yrs_service)*F31*Salary_Percentage,$F$16)*C31*$E31) -> 5883.869 | H31: =IF(B31="","",IF(F31<'Decrements and Parameters'!$F$7,0,MIN(Curr_Salary*(1+$C$17)^(F31-Completed_yrs_service)*(F31+1)*Salary_Percentage,$F$16)*($D31*($E31*(1-$C31))))) -> 0 | I31: =IF(B31="","",G31+H31) -> 5883.869 | J31: =IF(B31="","",1/(1+Discount_Rate)^(F31-Completed_yrs_service+1)) -> 0.61762926 | L31: =IF(B31<Retirement_Age,VLOOKUP(B31,'Decrements and Parameters'!$G$16:$J$78,3,FALSE),IF(B31=Retirement_Age,1,"")) -> 0.1 | M31: =IF(B31="","",IF(B31=Age_OnVal_Date,1,M30*(1-C30)*(1-L30))) -> 0.41532824 | N31: =F31 -> 13 | O31: =IF(B31="","",MIN(Curr_Salary*(1+$C$17)^(N31-Completed_yrs_service)*N31*Salary_Percentage,$F$16)*C31*$M31) -> 2532.8127 | P31: =IF(B31="","",IF(N31<'Decrements and Parameters'!$G$7,0,MIN(Curr_Salary*(1+$C$17)^(N31-Completed_yrs_service)*(N31+1)*Salary_Percentage,$F$16)*($L31*($M31-M31*$C31)))) -> 41279.543 | Q31: =IF(B31="","",O31+P31) -> 43812.355 | R31: =IF(B31="","",1/(1+'Decrements and Parameters'!$G$6)^(F31-Completed_yrs_service+1)) -> 0.61762926 | T31: =IF(B31<Retirement_Age,VLOOKUP(B31,'Decrements and Parameters'!$G$16:$J$78,4,FALSE),IF(B31=Retirement_Age,1,"")) -> 0.02 | U31: =IF(B31="","",IF(B31=Age_OnVal_Date,1,U30*(1-C30)*(1-T30))) -> 0.8208428 | V31: =N31 -> 13 | W31: =IF(B31="","",MIN(Curr_Salary*(1+$C$17)^(F31-Completed_yrs_service)*F31*Salary_Percentage,$F$16)*C31*$U31) -> 5005.7782 | X31: =IF(B31="","",IF(V31<'Decrements and Parameters'!$H$7,0,MIN(Curr_Salary*(1+$C$17)^(V31-Completed_yrs_service)*(V31+1)*Salary_Percentage,$F$16)*$T31*($U31-U31*$C31))) -> 16316.74 | Y31: =IF(B31="","",W31+X31) -> 21322.519 | Z31: =IF(B31="","",1/(1+'Decrements and Parameters'!$H$6)^(F31-Completed_yrs_service+1)) -> 0.61762926 | AB31: =IF(B31="","",MIN(Curr_Salary*(1+$C$17)^(F31-Completed_yrs_service)*F31*Salary_Percentage,$F$16)) -> 1000000 | AD31: =AB31/AB30 -> 1 | AE31: =+AB31-AB30 -> 0
B32: =IF(B31<Retirement_Age,B31+1,"") -> 44 | C32: =IF(B32>Retirement_Age,"",VLOOKUP(B32,'Decrements and Parameters'!$B$16:$D$78,IF($C$13="M",2,3),FALSE)*'Decrements and Parameters'!$F$5) -> 0.0065557151 | D32: =IF(B32<Retirement_Age,VLOOKUP(B32,'Decrements and Parameters'!$G$16:$J$78,2,FALSE),IF(B32=Retirement_Age,1,"")) -> 0 | E32: =IF(B32="","",IF(B32=Age_OnVal_Date,1,E31*(1-C31)*(1-D31))) -> 0.95894744 | F32: =IF(B32="","",IF(B32=Age_OnVal_Date,$F$11,F31+1)) -> 14 | G32: =IF(B32="","",MIN(Curr_Salary*(1+$C$17)^(F32-Completed_yrs_service)*F32*Salary_Percentage,$F$16)*C32*$E32) -> 6286.5862 | H32: =IF(B32="","",IF(F32<'Decrements and Parameters'!$F$7,0,MIN(Curr_Salary*(1+$C$17)^(F32-Completed_yrs_service)*(F32+1)*Salary_Percentage,$F$16)*($D32*($E32*(1-$C32))))) -> 0 | I32: =IF(B32="","",G32+H32) -> 6286.5862 | J32: =IF(B32="","",1/(1+Discount_Rate)^(F32-Completed_yrs_service+1)) -> 0.58543058 | L32: =IF(B32<Retirement_Age,VLOOKUP(B32,'Decrements and Parameters'!$G$16:$J$78,3,FALSE),IF(B32=Retirement_Age,1,"")) -> 0.1 | M32: =IF(B32="","",IF(B32=Age_OnVal_Date,1,M31*(1-C31)*(1-L31))) -> 0.37151589 | N32: =F32 -> 14 | O32: =IF(B32="","",MIN(Curr_Salary*(1+$C$17)^(N32-Completed_yrs_service)*N32*Salary_Percentage,$F$16)*C32*$M32) -> 2435.5523 | P32: =IF(B32="","",IF(N32<'Decrements and Parameters'!$G$7,0,MIN(Curr_Salary*(1+$C$17)^(N32-Completed_yrs_service)*(N32+1)*Salary_Percentage,$F$16)*($L32*($M32-M32*$C32)))) -> 36908.033 | Q32: =IF(B32="","",O32+P32) -> 39343.586 | R32: =IF(B32="","",1/(1+'Decrements and Parameters'!$G$6)^(F32-Completed_yrs_service+1)) -> 0.58543058 | T32: =IF(B32<Retirement_Age,VLOOKUP(B32,'Decrements and Parameters'!$G$16:$J$78,4,FALSE),IF(B32=Retirement_Age,1,"")) -> 0.02 | U32: =IF(B32="","",IF(B32=Age_OnVal_Date,1,U31*(1-C31)*(1-T31))) -> 0.79952028 | V32: =N32 -> 14 | W32: =IF(B32="","",MIN(Curr_Salary*(1+$C$17)^(F32-Completed_yrs_service)*F32*Salary_Percentage,$F$16)*C32*$U32) -> 5241.4272 | X32: =IF(B32="","",IF(V32<'Decrements and Parameters'!$H$7,0,MIN(Curr_Salary*(1+$C$17)^(V32-Completed_yrs_service)*(V32+1)*Salary_Percentage,$F$16)*$T32*($U32-U32*$C32))) -> 15885.577 | Y32: =IF(B32="","",W32+X32) -> 21127.004 | Z32: =IF(B32="","",1/(1+'Decrements and Parameters'!$H$6)^(F32-Completed_yrs_service+1)) -> 0.58543058 | AB32: =IF(B32="","",MIN(Curr_Salary*(1+$C$17)^(F32-Completed_yrs_service)*F32*Salary_Percentage,$F$16)) -> 1000000 | AD32: =AB32/AB31 -> 1 | AE32: =+AB32-AB31 -> 0
B33: =IF(B32<Retirement_Age,B32+1,"") -> 45 | C33: =IF(B33>Retirement_Age,"",VLOOKUP(B33,'Decrements and Parameters'!$B$16:$D$78,IF($C$13="M",2,3),FALSE)*'Decrements and Parameters'!$F$5) -> 0.0070473937 | D33: =IF(B33<Retirement_Age,VLOOKUP(B33,'Decrements and Parameters'!$G$16:$J$78,2,FALSE),IF(B33=Retirement_Age,1,"")) -> 0 | E33: =IF(B33="","",IF(B33=Age_OnVal_Date,1,E32*(1-C32)*(1-D32))) -> 0.95266085 | F33: =IF(B33="","",IF(B33=Age_OnVal_Date,$F$11,F32+1)) -> 15 | G33: =IF(B33="","",MIN(Curr_Salary*(1+$C$17)^(F33-Completed_yrs_service)*F33*Salary_Percentage,$F$16)*C33*$E33) -> 6713.7761 | H33: =IF(B33="","",IF(F33<'Decrements and Parameters'!$F$7,0,MIN(Curr_Salary*(1+$C$17)^(F33-Completed_yrs_service)*(F33+1)*Salary_Percentage,$F$16)*($D33*($E33*(1-$C33))))) -> 0 | I33: =IF(B33="","",G33+H33) -> 6713.7761 | J33: =IF(B33="","",1/(1+Discount_Rate)^(F33-Completed_yrs_service+1)) -> 0.5549105 | L33: =IF(B33<Retirement_Age,VLOOKUP(B33,'Decrements and Parameters'!$G$16:$J$78,3,FALSE),IF(B33=Retirement_Age,1,"")) -> 0.1 | M33: =IF(B33="","",IF(B33=Age_OnVal_Date,1,M32*(1-C32)*(1-L32))) -> 0.3321723 | N33: =F33 -> 15 | O33: =IF(B33="","",MIN(Curr_Salary*(1+$C$17)^(N33-Completed_yrs_service)*N33*Salary_Percentage,$F$16)*C33*$M33) -> 2340.949 | P33: =IF(B33="","",IF(N33<'Decrements and Parameters'!$G$7,0,MIN(Curr_Salary*(1+$C$17)^(N33-Completed_yrs_service)*(N33+1)*Salary_Percentage,$F$16)*($L33*($M33-M33*$C33)))) -> 32983.135 | Q33: =IF(B33="","",O33+P33) -> 35324.084 | R33: =IF(B33="","",1/(1+'Decrements and Parameters'!$G$6)^(F33-Completed_yrs_service+1)) -> 0.5549105 | T33: =IF(B33<Retirement_Age,VLOOKUP(B33,'Decrements and Parameters'!$G$16:$J$78,4,FALSE),IF(B33=Retirement_Age,1,"")) -> 0.02 | U33: =IF(B33="","",IF(B33=Age_OnVal_Date,1,U32*(1-C32)*(1-T32))) -> 0.77839328 | V33: =N33 -> 15 | W33: =IF(B33="","",MIN(Curr_Salary*(1+$C$17)^(F33-Completed_yrs_service)*F33*Salary_Percentage,$F$16)*C33*$U33) -> 5485.6439 | X33: =IF(B33="","",IF(V33<'Decrements and Parameters'!$H$7,0,MIN(Curr_Salary*(1+$C$17)^(V33-Completed_yrs_service)*(V33+1)*Salary_Percentage,$F$16)*$T33*($U33-U33*$C33))) -> 15458.153 | Y33: =IF(B33="","",W33+X33) -> 20943.797 | Z33: =IF(B33="","",1/(1+'Decrements and Parameters'!$H$6)^(F33-Completed_yrs_service+1)) -> 0.5549105 | AB33: =IF(B33="","",MIN(Curr_Salary*(1+$C$17)^(F33-Completed_yrs_service)*F33*Salary_Percentage,$F$16)) -> 1000000 | AD33: =AB33/AB32 -> 1 | AE33: =+AB33-AB32 -> 0
B34: =IF(B33<Retirement_Age,B33+1,"") -> 46 | C34: =IF(B34>Retirement_Age,"",VLOOKUP(B34,'Decrements and Parameters'!$B$16:$D$78,IF($C$13="M",2,3),FALSE)*'Decrements and Parameters'!$F$5) -> 0.0075759482 | D34: =IF(B34<Retirement_Age,VLOOKUP(B34,'Decrements and Parameters'!$G$16:$J$78,2,FALSE),IF(B34=Retirement_Age,1,"")) -> 0 | E34: =IF(B34="","",IF(B34=Age_OnVal_Date,1,E33*(1-C33)*(1-D33))) -> 0.94594708 | F34: =IF(B34="","",IF(B34=Age_OnVal_Date,$F$11,F33+1)) -> 16 | G34: =IF(B34="","",MIN(Curr_Salary*(1+$C$17)^(F34-Completed_yrs_service)*F34*Salary_Percentage,$F$16)*C34*$E34) -> 7166.4461 | H34: =IF(B34="","",IF(F34<'Decrements and Parameters'!$F$7,0,MIN(Curr_Salary*(1+$C$17)^(F34-Completed_yrs_service)*(F34+1)*Salary_Percentage,$F$16)*($D34*($E34*(1-$C34))))) -> 0 | I34: =IF(B34="","",G34+H34) -> 7166.4461 | J34: =IF(B34="","",1/(1+Discount_Rate)^(F34-Completed_yrs_service+1)) -> 0.52598152 | L34: =IF(B34<Retirement_Age,VLOOKUP(B34,'Decrements and Parameters'!$G$16:$J$78,3,FALSE),IF(B34=Retirement_Age,1,"")) -> 0.1 | M34: =IF(B34="","",IF(B34=Age_OnVal_Date,1,M33*(1-C33)*(1-L33))) -> 0.29684822 | N34: =F34 -> 16 | O34: =IF(B34="","",MIN(Curr_Salary*(1+$C$17)^(N34-Completed_yrs_service)*N34*Salary_Percentage,$F$16)*C34*$M34) -> 2248.9067 | P34: =IF(B34="","",IF(N34<'Decrements and Parameters'!$G$7,0,MIN(Curr_Salary*(1+$C$17)^(N34-Completed_yrs_service)*(N34+1)*Salary_Percentage,$F$16)*($L34*($M34-M34*$C34)))) -> 29459.931 | Q34: =IF(B34="","",O34+P34) -> 31708.838 | R34: =IF(B34="","",1/(1+'Decrements and Parameters'!$G$6)^(F34-Completed_yrs_service+1)) -> 0.52598152 | T34: =IF(B34<Retirement_Age,VLOOKUP(B34,'Decrements and Parameters'!$G$16:$J$78,4,FALSE),IF(B34=Retirement_Age,1,"")) -> 0.02 | U34: =IF(B34="","",IF(B34=Age_OnVal_Date,1,U33*(1-C33)*(1-T33))) -> 0.75744948 | V34: =N34 -> 16 | W34: =IF(B34="","",MIN(Curr_Salary*(1+$C$17)^(F34-Completed_yrs_service)*F34*Salary_Percentage,$F$16)*C34*$U34) -> 5738.3981 | X34: =IF(B34="","",IF(V34<'Decrements and Parameters'!$H$7,0,MIN(Curr_Salary*(1+$C$17)^(V34-Completed_yrs_service)*(V34+1)*Salary_Percentage,$F$16)*$T34*($U34-U34*$C34))) -> 15034.222 | Y34: =IF(B34="","",W34+X34) -> 20772.62 | Z34: =IF(B34="","",1/(1+'Decrements and Parameters'!$H$6)^(F34-Completed_yrs_service+1)) -> 0.52598152 | AB34: =IF(B34="","",MIN(Curr_Salary*(1+$C$17)^(F34-Completed_yrs_service)*F34*Salary_Percentage,$F$16)) -> 1000000 | AD34: =AB34/AB33 -> 1 | AE34: =+AB34-AB33 -> 0
B35: =IF(B34<Retirement_Age,B34+1,"") -> 47 | C35: =IF(B35>Retirement_Age,"",VLOOKUP(B35,'Decrements and Parameters'!$B$16:$D$78,IF($C$13="M",2,3),FALSE)*'Decrements and Parameters'!$F$5) -> 0.0081441444 | D35: =IF(B35<Retirement_Age,VLOOKUP(B35,'Decrements and Parameters'!$G$16:$J$78,2,FALSE),IF(B35=Retirement_Age,1,"")) -> 0 | E35: =IF(B35="","",IF(B35=Age_OnVal_Date,1,E34*(1-C34)*(1-D34))) -> 0.93878063 | F35: =IF(B35="","",IF(B35=Age_OnVal_Date,$F$11,F34+1)) -> 17 | G35: =IF(B35="","",MIN(Curr_Salary*(1+$C$17)^(F35-Completed_yrs_service)*F35*Salary_Percentage,$F$16)*C35*$E35) -> 7645.565 | H35: =IF(B35="","",IF(F35<'Decrements and Parameters'!$F$7,0,MIN(Curr_Salary*(1+$C$17)^(F35-Completed_yrs_service)*(F35+1)*Salary_Percentage,$F$16)*($D35*($E35*(1-$C35))))) -> 0 | I35: =IF(B35="","",G35+H35) -> 7645.565 | J35: =IF(B35="","",1/(1+Discount_Rate)^(F35-Completed_yrs_service+1)) -> 0.49856068 | L35: =IF(B35<Retirement_Age,VLOOKUP(B35,'Decrements and Parameters'!$G$16:$J$78,3,FALSE),IF(B35=Retirement_Age,1,"")) -> 0.1 | M35: =IF(B35="","",IF(B35=Age_OnVal_Date,1,M34*(1-C34)*(1-L34))) -> 0.26513938 | N35: =F35 -> 17 | O35: =IF(B35="","",MIN(Curr_Salary*(1+$C$17)^(N35-Completed_yrs_service)*N35*Salary_Percentage,$F$16)*C35*$M35) -> 2159.3334 | P35: =IF(B35="","",IF(N35<'Decrements and Parameters'!$G$7,0,MIN(Curr_Salary*(1+$C$17)^(N35-Completed_yrs_service)*(N35+1)*Salary_Percentage,$F$16)*($L35*($M35-M35*$C35)))) -> 26298.004 | Q35: =IF(B35="","",O35+P35) -> 28457.338 | R35: =IF(B35="","",1/(1+'Decrements and Parameters'!$G$6)^(F35-Completed_yrs_service+1)) -> 0.49856068 | T35: =IF(B35<Retirement_Age,VLOOKUP(B35,'Decrements and Parameters'!$G$16:$J$78,4,FALSE),IF(B35=Retirement_Age,1,"")) -> 0.02 | U35: =IF(B35="","",IF(B35=Age_OnVal_Date,1,U34*(1-C34)*(1-T34))) -> 0.73667686 | V35: =N35 -> 17 | W35: =IF(B35="","",MIN(Curr_Salary*(1+$C$17)^(F35-Completed_yrs_service)*F35*Salary_Percentage,$F$16)*C35*$U35) -> 5999.6027 | X35: =IF(B35="","",IF(V35<'Decrements and Parameters'!$H$7,0,MIN(Curr_Salary*(1+$C$17)^(V35-Completed_yrs_service)*(V35+1)*Salary_Percentage,$F$16)*$T35*($U35-U35*$C35))) -> 14613.545 | Y35: =IF(B35="","",W35+X35) -> 20613.148 | Z35: =IF(B35="","",1/(1+'Decrements and Parameters'!$H$6)^(F35-Completed_yrs_service+1)) -> 0.49856068 | AB35: =IF(B35="","",MIN(Curr_Salary*(1+$C$17)^(F35-Completed_yrs_service)*F35*Salary_Percentage,$F$16)) -> 1000000 | AD35: =AB35/AB34 -> 1 | AE35: =+AB35-AB34 -> 0
B36: =IF(B35<Retirement_Age,B35+1,"") -> 48 | C36: =IF(B36>Retirement_Age,"",VLOOKUP(B36,'Decrements and Parameters'!$B$16:$D$78,IF($C$13="M",2,3),FALSE)*'Decrements and Parameters'!$F$5) -> 0.0087549552 | D36: =IF(B36<Retirement_Age,VLOOKUP(B36,'Decrements and Parameters'!$G$16:$J$78,2,FALSE),IF(B36=Retirement_Age,1,"")) -> 0 | E36: =IF(B36="","",IF(B36=Age_OnVal_Date,1,E35*(1-C35)*(1-D35))) -> 0.93113506 | F36: =IF(B36="","",IF(B36=Age_OnVal_Date,$F$11,F35+1)) -> 18 | G36: =IF(B36="","",MIN(Curr_Salary*(1+$C$17)^(F36-Completed_yrs_service)*F36*Salary_Percentage,$F$16)*C36*$E36) -> 8152.0458 | H36: =IF(B36="","",IF(F36<'Decrements and Parameters'!$F$7,0,MIN(Curr_Salary*(1+$C$17)^(F36-Completed_yrs_service)*(F36+1)*Salary_Percentage,$F$16)*($D36*($E36*(1-$C36))))) -> 0 | I36: =IF(B36="","",G36+H36) -> 8152.0458 | J36: =IF(B36="","",1/(1+Discount_Rate)^(F36-Completed_yrs_service+1)) -> 0.47256937 | L36: =IF(B36<Retirement_Age,VLOOKUP(B36,'Decrements and Parameters'!$G$16:$J$78,3,FALSE),IF(B36=Retirement_Age,1,"")) -> 0.1 | M36: =IF(B36="","",IF(B36=Age_OnVal_Date,1,M35*(1-C35)*(1-L35))) -> 0.23668204 | N36: =F36 -> 18 | O36: =IF(B36="","",MIN(Curr_Salary*(1+$C$17)^(N36-Completed_yrs_service)*N36*Salary_Percentage,$F$16)*C36*$M36) -> 2072.1407 | P36: =IF(B36="","",IF(N36<'Decrements and Parameters'!$G$7,0,MIN(Curr_Salary*(1+$C$17)^(N36-Completed_yrs_service)*(N36+1)*Salary_Percentage,$F$16)*($L36*($M36-M36*$C36)))) -> 23460.99 | Q36: =IF(B36="","",O36+P36) -> 25533.131 | R36: =IF(B36="","",1/(1+'Decrements and Parameters'!$G$6)^(F36-Completed_yrs_service+1)) -> 0.47256937 | T36: =IF(B36<Retirement_Age,VLOOKUP(B36,'Decrements and Parameters'!$G$16:$J$78,4,FALSE),IF(B36=Retirement_Age,1,"")) -> 0.02 | U36: =IF(B36="","",IF(B36=Age_OnVal_Date,1,U35*(1-C35)*(1-T35))) -> 0.71606371 | V36: =N36 -> 18 | W36: =IF(B36="","",MIN(Curr_Salary*(1+$C$17)^(F36-Completed_yrs_service)*F36*Salary_Percentage,$F$16)*C36*$U36) -> 6269.1057 | X36: =IF(B36="","",IF(V36<'Decrements and Parameters'!$H$7,0,MIN(Curr_Salary*(1+$C$17)^(V36-Completed_yrs_service)*(V36+1)*Salary_Percentage,$F$16)*$T36*($U36-U36*$C36))) -> 14195.892 | Y36: =IF(B36="","",W36+X36) -> 20464.998 | Z36: =IF(B36="","",1/(1+'Decrements and Parameters'!$H$6)^(F36-Completed_yrs_service+1)) -> 0.47256937 | AB36: =IF(B36="","",MIN(Curr_Salary*(1+$C$17)^(F36-Completed_yrs_service)*F36*Salary_Percentage,$F$16)) -> 1000000 | AD36: =AB36/AB35 -> 1
B37: =IF(B36<Retirement_Age,B36+1,"") -> 49 | C37: =IF(B37>Retirement_Age,"",VLOOKUP(B37,'Decrements and Parameters'!$B$16:$D$78,IF($C$13="M",2,3),FALSE)*'Decrements and Parameters'!$F$5) -> 0.0094115768 | D37: =IF(B37<Retirement_Age,VLOOKUP(B37,'Decrements and Parameters'!$G$16:$J$78,2,FALSE),IF(B37=Retirement_Age,1,"")) -> 0 | E37: =IF(B37="","",IF(B37=Age_OnVal_Date,1,E36*(1-C36)*(1-D36))) -> 0.92298302 | F37: =IF(B37="","",IF(B37=Age_OnVal_Date,$F$11,F36+1)) -> 19 | G37: =IF(B37="","",MIN(Curr_Salary*(1+$C$17)^(F37-Completed_yrs_service)*F37*Salary_Percentage,$F$16)*C37*$E37) -> 8686.7256 | H37: =IF(B37="","",IF(F37<'Decrements and Parameters'!$F$7,0,MIN(Curr_Salary*(1+$C$17)^(F37-Completed_yrs_service)*(F37+1)*Salary_Percentage,$F$16)*($D37*($E37*(1-$C37))))) -> 0 | I37: =IF(B37="","",G37+H37) -> 8686.7256 | J37: =IF(B37="","",1/(1+Discount_Rate)^(F37-Completed_yrs_service+1)) -> 0.44793305 | L37: =IF(B37<Retirement_Age,VLOOKUP(B37,'Decrements and Parameters'!$G$16:$J$78,3,FALSE),IF(B37=Retirement_Age,1,"")) -> 0.1 | M37: =IF(B37="","",IF(B37=Age_OnVal_Date,1,M36*(1-C36)*(1-L36))) -> 0.21114891 | N37: =F37 -> 19 | O37: =IF(B37="","",MIN(Curr_Salary*(1+$C$17)^(N37-Completed_yrs_service)*N37*Salary_Percentage,$F$16)*C37*$M37) -> 1987.2442 | P37: =IF(B37="","",IF(N37<'Decrements and Parameters'!$G$7,0,MIN(Curr_Salary*(1+$C$17)^(N37-Completed_yrs_service)*(N37+1)*Salary_Percentage,$F$16)*($L37*($M37-M37*$C37)))) -> 20916.167 | Q37: =IF(B37="","",O37+P37) -> 22903.411 | R37: =IF(B37="","",1/(1+'Decrements and Parameters'!$G$6)^(F37-Completed_yrs_service+1)) -> 0.44793305 | T37: =IF(B37<Retirement_Age,VLOOKUP(B37,'Decrements and Parameters'!$G$16:$J$78,4,FALSE),IF(B37=Retirement_Age,1,"")) -> 0.02 | U37: =IF(B37="","",IF(B37=Age_OnVal_Date,1,U36*(1-C36)*(1-T36))) -> 0.69559871 | V37: =N37 -> 19 | W37: =IF(B37="","",MIN(Curr_Salary*(1+$C$17)^(F37-Completed_yrs_service)*F37*Salary_Percentage,$F$16)*C37*$U37) -> 6546.6807 | X37: =IF(B37="","",IF(V37<'Decrements and Parameters'!$H$7,0,MIN(Curr_Salary*(1+$C$17)^(V37-Completed_yrs_service)*(V37+1)*Salary_Percentage,$F$16)*$T37*($U37-U37*$C37))) -> 13781.041 | Y37: =IF(B37="","",W37+X37) -> 20327.721 | Z37: =IF(B37="","",1/(1+'Decrements and Parameters'!$H$6)^(F37-Completed_yrs_service+1)) -> 0.44793305 | AB37: =IF(B37="","",MIN(Curr_Salary*(1+$C$17)^(F37-Completed_yrs_service)*F37*Salary_Percentage,$F$16)) -> 1000000 | AD37: =AB37/AB36 -> 1
B38: =IF(B37<Retirement_Age,B37+1,"") -> 50 | C38: =IF(B38>Retirement_Age,"",VLOOKUP(B38,'Decrements and Parameters'!$B$16:$D$78,IF($C$13="M",2,3),FALSE)*'Decrements and Parameters'!$F$5) -> 0.010117445 | D38: =IF(B38<Retirement_Age,VLOOKUP(B38,'Decrements and Parameters'!$G$16:$J$78,2,FALSE),IF(B38=Retirement_Age,1,"")) -> 0 | E38: =IF(B38="","",IF(B38=Age_OnVal_Date,1,E37*(1-C37)*(1-D37))) -> 0.91429629 | F38: =IF(B38="","",IF(B38=Age_OnVal_Date,$F$11,F37+1)) -> 20 | G38: =IF(B38="","",MIN(Curr_Salary*(1+$C$17)^(F38-Completed_yrs_service)*F38*Salary_Percentage,$F$16)*C38*$E38) -> 9250.3425 | H38: =IF(B38="","",IF(F38<'Decrements and Parameters'!$F$7,0,MIN(Curr_Salary*(1+$C$17)^(F38-Completed_yrs_service)*(F38+1)*Salary_Percentage,$F$16)*($D38*($E38*(1-$C38))))) -> 0 | I38: =IF(B38="","",G38+H38) -> 9250.3425 | J38: =IF(B38="","",1/(1+Discount_Rate)^(F38-Completed_yrs_service+1)) -> 0.42458109 | L38: =IF(B38<Retirement_Age,VLOOKUP(B38,'Decrements and Parameters'!$G$16:$J$78,3,FALSE),IF(B38=Retirement_Age,1,"")) -> 0.1 | M38: =IF(B38="","",IF(B38=Age_OnVal_Date,1,M37*(1-C37)*(1-L37))) -> 0.1882455 | N38: =F38 -> 20 | O38: =IF(B38="","",MIN(Curr_Salary*(1+$C$17)^(N38-Completed_yrs_service)*N38*Salary_Percentage,$F$16)*C38*$M38) -> 1904.5635 | P38: =IF(B38="","",IF(N38<'Decrements and Parameters'!$G$7,0,MIN(Curr_Salary*(1+$C$17)^(N38-Completed_yrs_service)*(N38+1)*Salary_Percentage,$F$16)*($L38*($M38-M38*$C38)))) -> 18634.094 | Q38: =IF(B38="","",O38+P38) -> 20538.657 | R38: =IF(B38="","",1/(1+'Decrements and Parameters'!$G$6)^(F38-Completed_yrs_service+1)) -> 0.42458109 | T38: =IF(B38<Retirement_Age,VLOOKUP(B38,'Decrements and Parameters'!$G$16:$J$78,4,FALSE),IF(B38=Retirement_Age,1,"")) -> 0.02 | U38: =IF(B38="","",IF(B38=Age_OnVal_Date,1,U37*(1-C37)*(1-T37))) -> 0.67527099 | V38: =N38 -> 20 | W38: =IF(B38="","",MIN(Curr_Salary*(1+$C$17)^(F38-Completed_yrs_service)*F38*Salary_Percentage,$F$16)*C38*$U38) -> 6832.0172 | X38: =IF(B38="","",IF(V38<'Decrements and Parameters'!$H$7,0,MIN(Curr_Salary*(1+$C$17)^(V38-Completed_yrs_service)*(V38+1)*Salary_Percentage,$F$16)*$T38*($U38-U38*$C38))) -> 13368.78 | Y38: =IF(B38="","",W38+X38) -> 20200.797 | Z38: =IF(B38="","",1/(1+'Decrements and Parameters'!$H$6)^(F38-Completed_yrs_service+1)) -> 0.42458109 | AB38: =IF(B38="","",MIN(Curr_Salary*(1+$C$17)^(F38-Completed_yrs_service)*F38*Salary_Percentage,$F$16)) -> 1000000 | AD38: =AB38/AB37 -> 1
B39: =IF(B38<Retirement_Age,B38+1,"") -> 51 | C39: =IF(B39>Retirement_Age,"",VLOOKUP(B39,'Decrements and Parameters'!$B$16:$D$78,IF($C$13="M",2,3),FALSE)*'Decrements and Parameters'!$F$5) -> 0.010876253 | D39: =IF(B39<Retirement_Age,VLOOKUP(B39,'Decrements and Parameters'!$G$16:$J$78,2,FALSE),IF(B39=Retirement_Age,1,"")) -> 0 | E39: =IF(B39="","",IF(B39=Age_OnVal_Date,1,E38*(1-C38)*(1-D38))) -> 0.90504595 | F39: =IF(B39="","",IF(B39=Age_OnVal_Date,$F$11,F38+1)) -> 21 | G39: =IF(B39="","",MIN(Curr_Salary*(1+$C$17)^(F39-Completed_yrs_service)*F39*Salary_Percentage,$F$16)*C39*$E39) -> 9843.5092 | H39: =IF(B39="","",IF(F39<'Decrements and Parameters'!$F$7,0,MIN(Curr_Salary*(1+$C$17)^(F39-Completed_yrs_service)*(F39+1)*Salary_Percentage,$F$16)*($D39*($E39*(1-$C39))))) -> 0 | I39: =IF(B39="","",G39+H39) -> 9843.5092 | J39: =IF(B39="","",1/(1+Discount_Rate)^(F39-Completed_yrs_service+1)) -> 0.40244653 | L39: =IF(B39<Retirement_Age,VLOOKUP(B39,'Decrements and Parameters'!$G$16:$J$78,3,FALSE),IF(B39=Retirement_Age,1,"")) -> 0.1 | M39: =IF(B39="","",IF(B39=Age_OnVal_Date,1,M38*(1-C38)*(1-L38))) -> 0.16770684 | N39: =F39 -> 21 | O39: =IF(B39="","",MIN(Curr_Salary*(1+$C$17)^(N39-Completed_yrs_service)*N39*Salary_Percentage,$F$16)*C39*$M39) -> 1824.0221 | P39: =IF(B39="","",IF(N39<'Decrements and Parameters'!$G$7,0,MIN(Curr_Salary*(1+$C$17)^(N39-Completed_yrs_service)*(N39+1)*Salary_Percentage,$F$16)*($L39*($M39-M39*$C39)))) -> 16588.282 | Q39: =IF(B39="","",O39+P39) -> 18412.304 | R39: =IF(B39="","",1/(1+'Decrements and Parameters'!$G$6)^(F39-Completed_yrs_service+1)) -> 0.40244653 | T39: =IF(B39<Retirement_Age,VLOOKUP(B39,'Decrements and Parameters'!$G$16:$J$78,4,FALSE),IF(B39=Retirement_Age,1,"")) -> 0.02 | U39: =IF(B39="","",IF(B39=Age_OnVal_Date,1,U38*(1-C38)*(1-T38))) -> 0.6550702 | V39: =N39 -> 21 | W39: =IF(B39="","",MIN(Curr_Salary*(1+$C$17)^(F39-Completed_yrs_service)*F39*Salary_Percentage,$F$16)*C39*$U39) -> 7124.7095 | X39: =IF(B39="","",IF(V39<'Decrements and Parameters'!$H$7,0,MIN(Curr_Salary*(1+$C$17)^(V39-Completed_yrs_service)*(V39+1)*Salary_Percentage,$F$16)*$T39*($U39-U39*$C39))) -> 12958.91 | Y39: =IF(B39="","",W39+X39) -> 20083.619 | Z39: =IF(B39="","",1/(1+'Decrements and Parameters'!$H$6)^(F39-Completed_yrs_service+1)) -> 0.40244653 | AB39: =IF(B39="","",MIN(Curr_Salary*(1+$C$17)^(F39-Completed_yrs_service)*F39*Salary_Percentage,$F$16)) -> 1000000 | AD39: =AB39/AB38 -> 1
B40: =IF(B39<Retirement_Age,B39+1,"") -> 52 | C40: =IF(B40>Retirement_Age,"",VLOOKUP(B40,'Decrements and Parameters'!$B$16:$D$78,IF($C$13="M",2,3),FALSE)*'Decrements and Parameters'!$F$5) -> 0.011691972 | D40: =IF(B40<Retirement_Age,VLOOKUP(B40,'Decrements and Parameters'!$G$16:$J$78,2,FALSE),IF(B40=Retirement_Age,1,"")) -> 0 | E40: =IF(B40="","",IF(B40=Age_OnVal_Date,1,E39*(1-C39)*(1-D39))) -> 0.89520244 | F40: =IF(B40="","",IF(B40=Age_OnVal_Date,$F$11,F39+1)) -> 22 | G40: =IF(B40="","",MIN(Curr_Salary*(1+$C$17)^(F40-Completed_yrs_service)*F40*Salary_Percentage,$F$16)*C40*$E40) -> 10466.682 | H40: =IF(B40="","",IF(F40<'Decrements and Parameters'!$F$7,0,MIN(Curr_Salary*(1+$C$17)^(F40-Completed_yrs_service)*(F40+1)*Salary_Percentage,$F$16)*($D40*($E40*(1-$C40))))) -> 0 | I40: =IF(B40="","",G40+H40) -> 10466.682 | J40: =IF(B40="","",1/(1+Discount_Rate)^(F40-Completed_yrs_service+1)) -> 0.3814659 | L40: =IF(B40<Retirement_Age,VLOOKUP(B40,'Decrements and Parameters'!$G$16:$J$78,3,FALSE),IF(B40=Retirement_Age,1,"")) -> 0.1 | M40: =IF(B40="","",IF(B40=Age_OnVal_Date,1,M39*(1-C39)*(1-L39))) -> 0.14929454 | N40: =F40 -> 22 | O40: =IF(B40="","",MIN(Curr_Salary*(1+$C$17)^(N40-Completed_yrs_service)*N40*Salary_Percentage,$F$16)*C40*$M40) -> 1745.5476 | P40: =IF(B40="","",IF(N40<'Decrements and Parameters'!$G$7,0,MIN(Curr_Salary*(1+$C$17)^(N40-Completed_yrs_service)*(N40+1)*Salary_Percentage,$F$16)*($L40*($M40-M40*$C40)))) -> 14754.899 | Q40: =IF(B40="","",O40+P40) -> 16500.447 | R40: =IF(B40="","",1/(1+'Decrements and Parameters'!$G$6)^(F40-Completed_yrs_service+1)) -> 0.3814659 | T40: =IF(B40<Retirement_Age,VLOOKUP(B40,'Decrements and Parameters'!$G$16:$J$78,4,FALSE),IF(B40=Retirement_Age,1,"")) -> 0.02 | U40: =IF(B40="","",IF(B40=Age_OnVal_Date,1,U39*(1-C39)*(1-T39))) -> 0.63498658 | V40: =N40 -> 22 | W40: =IF(B40="","",MIN(Curr_Salary*(1+$C$17)^(F40-Completed_yrs_service)*F40*Salary_Percentage,$F$16)*C40*$U40) -> 7424.2456 | X40: =IF(B40="","",IF(V40<'Decrements and Parameters'!$H$7,0,MIN(Curr_Salary*(1+$C$17)^(V40-Completed_yrs_service)*(V40+1)*Salary_Percentage,$F$16)*$T40*($U40-U40*$C40))) -> 12551.247 | Y40: =IF(B40="","",W40+X40) -> 19975.492 | Z40: =IF(B40="","",1/(1+'Decrements and Parameters'!$H$6)^(F40-Completed_yrs_service+1)) -> 0.3814659 | AB40: =IF(B40="","",MIN(Curr_Salary*(1+$C$17)^(F40-Completed_yrs_service)*F40*Salary_Percentage,$F$16)) -> 1000000 | AD40: =AB40/AB39 -> 1
B41: =IF(B40<Retirement_Age,B40+1,"") -> 53 | C41: =IF(B41>Retirement_Age,"",VLOOKUP(B41,'Decrements and Parameters'!$B$16:$D$78,IF($C$13="M",2,3),FALSE)*'Decrements and Parameters'!$F$5) -> 0.01256887 | D41: =IF(B41<Retirement_Age,VLOOKUP(B41,'Decrements and Parameters'!$G$16:$J$78,2,FALSE),IF(B41=Retirement_Age,1,"")) -> 0 | E41: =IF(B41="","",IF(B41=Age_OnVal_Date,1,E40*(1-C40)*(1-D40))) -> 0.88473576 | F41: =IF(B41="","",IF(B41=Age_OnVal_Date,$F$11,F40+1)) -> 23 | G41: =IF(B41="","",MIN(Curr_Salary*(1+$C$17)^(F41-Completed_yrs_service)*F41*Salary_Percentage,$F$16)*C41*$E41) -> 11120.129 | H41: =IF(B41="","",IF(F41<'Decrements and Parameters'!$F$7,0,MIN(Curr_Salary*(1+$C$17)^(F41-Completed_yrs_service)*(F41+1)*Salary_Percentage,$F$16)*($D41*($E41*(1-$C41))))) -> 0 | I41: =IF(B41="","",G41+H41) -> 11120.129 | J41: =IF(B41="","",1/(1+Discount_Rate)^(F41-Completed_yrs_service+1)) -> 0.36157906 | L41: =IF(B41<Retirement_Age,VLOOKUP(B41,'Decrements and Parameters'!$G$16:$J$78,3,FALSE),IF(B41=Retirement_Age,1,"")) -> 0.1 | M41: =IF(B41="","",IF(B41=Age_OnVal_Date,1,M40*(1-C40)*(1-L40))) -> 0.13279409 | N41: =F41 -> 23 | O41: =IF(B41="","",MIN(Curr_Salary*(1+$C$17)^(N41-Completed_yrs_service)*N41*Salary_Percentage,$F$16)*C41*$M41) -> 1669.0717 | P41: =IF(B41="","",IF(N41<'Decrements and Parameters'!$G$7,0,MIN(Curr_Salary*(1+$C$17)^(N41-Completed_yrs_service)*(N41+1)*Salary_Percentage,$F$16)*($L41*($M41-M41*$C41)))) -> 13112.502 | Q41: =IF(B41="","",O41+P41) -> 14781.574 | R41: =IF(B41="","",1/(1+'Decrements and Parameters'!$G$6)^(F41-Completed_yrs_service+1)) -> 0.36157906 | T41: =IF(B41<Retirement_Age,VLOOKUP(B41,'Decrements and Parameters'!$G$16:$J$78,4,FALSE),IF(B41=Retirement_Age,1,"")) -> 0.02 | U41: =IF(B41="","",IF(B41=Age_OnVal_Date,1,U40*(1-C40)*(1-T40))) -> 0.61501108 | V41: =N41 -> 23 | W41: =IF(B41="","",MIN(Curr_Salary*(1+$C$17)^(F41-Completed_yrs_service)*F41*Salary_Percentage,$F$16)*C41*$U41) -> 7729.9946 | X41: =IF(B41="","",IF(V41<'Decrements and Parameters'!$H$7,0,MIN(Curr_Salary*(1+$C$17)^(V41-Completed_yrs_service)*(V41+1)*Salary_Percentage,$F$16)*$T41*($U41-U41*$C41))) -> 12145.622 | Y41: =IF(B41="","",W41+X41) -> 19875.616 | Z41: =IF(B41="","",1/(1+'Decrements and Parameters'!$H$6)^(F41-Completed_yrs_service+1)) -> 0.36157906 | AB41: =IF(B41="","",MIN(Curr_Salary*(1+$C$17)^(F41-Completed_yrs_service)*F41*Salary_Percentage,$F$16)) -> 1000000 | AD41: =AB41/AB40 -> 1
B42: =IF(B41<Retirement_Age,B41+1,"") -> 54 | C42: =IF(B42>Retirement_Age,"",VLOOKUP(B42,'Decrements and Parameters'!$B$16:$D$78,IF($C$13="M",2,3),FALSE)*'Decrements and Parameters'!$F$5) -> 0.013511536 | D42: =IF(B42<Retirement_Age,VLOOKUP(B42,'Decrements and Parameters'!$G$16:$J$78,2,FALSE),IF(B42=Retirement_Age,1,"")) -> 0 | E42: =IF(B42="","",IF(B42=Age_OnVal_Date,1,E41*(1-C41)*(1-D41))) -> 0.87361563 | F42: =IF(B42="","",IF(B42=Age_OnVal_Date,$F$11,F41+1)) -> 24 | G42: =IF(B42="","",MIN(Curr_Salary*(1+$C$17)^(F42-Completed_yrs_service)*F42*Salary_Percentage,$F$16)*C42*$E42) -> 11803.889 | H42: =IF(B42="","",IF(F42<'Decrements and Parameters'!$F$7,0,MIN(Curr_Salary*(1+$C$17)^(F42-Completed_yrs_service)*(F42+1)*Salary_Percentage,$F$16)*($D42*($E42*(1-$C42))))) -> 0 | I42: =IF(B42="","",G42+H42) -> 11803.889 | J42: =IF(B42="","",1/(1+Discount_Rate)^(F42-Completed_yrs_service+1)) -> 0.34272896 | L42: =IF(B42<Retirement_Age,VLOOKUP(B42,'Decrements and Parameters'!$G$16:$J$78,3,FALSE),IF(B42=Retirement_Age,1,"")) -> 0.1 | M42: =IF(B42="","",IF(B42=Age_OnVal_Date,1,M41*(1-C41)*(1-L41))) -> 0.11801252 | N42: =F42 -> 24 | O42: =IF(B42="","",MIN(Curr_Salary*(1+$C$17)^(N42-Completed_yrs_service)*N42*Salary_Percentage,$F$16)*C42*$M42) -> 1594.5303 | P42: =IF(B42="","",IF(N42<'Decrements and Parameters'!$G$7,0,MIN(Curr_Salary*(1+$C$17)^(N42-Completed_yrs_service)*(N42+1)*Salary_Percentage,$F$16)*($L42*($M42-M42*$C42)))) -> 11641.799 | Q42: =IF(B42="","",O42+P42) -> 13236.329 | R42: =IF(B42="","",1/(1+'Decrements and Parameters'!$G$6)^(F42-Completed_yrs_service+1)) -> 0.34272896 | T42: =IF(B42<Retirement_Age,VLOOKUP(B42,'Decrements and Parameters'!$G$16:$J$78,4,FALSE),IF(B42=Retirement_Age,1,"")) -> 0.02 | U42: =IF(B42="","",IF(B42=Age_OnVal_Date,1,U41*(1-C41)*(1-T41))) -> 0.59513547 | V42: =N42 -> 24 | W42: =IF(B42="","",MIN(Curr_Salary*(1+$C$17)^(F42-Completed_yrs_service)*F42*Salary_Percentage,$F$16)*C42*$U42) -> 8041.1941 | X42: =IF(B42="","",IF(V42<'Decrements and Parameters'!$H$7,0,MIN(Curr_Salary*(1+$C$17)^(V42-Completed_yrs_service)*(V42+1)*Salary_Percentage,$F$16)*$T42*($U42-U42*$C42))) -> 11741.885 | Y42: =IF(B42="","",W42+X42) -> 19783.08 | Z42: =IF(B42="","",1/(1+'Decrements and Parameters'!$H$6)^(F42-Completed_yrs_service+1)) -> 0.34272896 | AB42: =IF(B42="","",MIN(Curr_Salary*(1+$C$17)^(F42-Completed_yrs_service)*F42*Salary_Percentage,$F$16)) -> 1000000 | AD42: =AB42/AB41 -> 1
B43: =IF(B42<Retirement_Age,B42+1,"") -> 55 | C43: =IF(B43>Retirement_Age,"",VLOOKUP(B43,'Decrements and Parameters'!$B$16:$D$78,IF($C$13="M",2,3),FALSE)*'Decrements and Parameters'!$F$5) -> 0.014524901 | D43: =IF(B43<Retirement_Age,VLOOKUP(B43,'Decrements and Parameters'!$G$16:$J$78,2,FALSE),IF(B43=Retirement_Age,1,"")) -> 0 | E43: =IF(B43="","",IF(B43=Age_OnVal_Date,1,E42*(1-C42)*(1-D42))) -> 0.86181174 | F43: =IF(B43="","",IF(B43=Age_OnVal_Date,$F$11,F42+1)) -> 25 | G43: =IF(B43="","",MIN(Curr_Salary*(1+$C$17)^(F43-Completed_yrs_service)*F43*Salary_Percentage,$F$16)*C43*$E43) -> 12517.73 | H43: =IF(B43="","",IF(F43<'Decrements and Parameters'!$F$7,0,MIN(Curr_Salary*(1+$C$17)^(F43-Completed_yrs_service)*(F43+1)*Salary_Percentage,$F$16)*($D43*($E43*(1-$C43))))) -> 0 | I43: =IF(B43="","",G43+H43) -> 12517.73 | J43: =IF(B43="","",1/(1+Discount_Rate)^(F43-Completed_yrs_service+1)) -> 0.32486158 | L43: =IF(B43<Retirement_Age,VLOOKUP(B43,'Decrements and Parameters'!$G$16:$J$78,3,FALSE),IF(B43=Retirement_Age,1,"")) -> 0.1 | M43: =IF(B43="","",IF(B43=Age_OnVal_Date,1,M42*(1-C42)*(1-L42))) -> 0.10477619 | N43: =F43 -> 25 | O43: =IF(B43="","",MIN(Curr_Salary*(1+$C$17)^(N43-Completed_yrs_service)*N43*Salary_Percentage,$F$16)*C43*$M43) -> 1521.8638 | P43: =IF(B43="","",IF(N43<'Decrements and Parameters'!$G$7,0,MIN(Curr_Salary*(1+$C$17)^(N43-Completed_yrs_service)*(N43+1)*Salary_Percentage,$F$16)*($L43*($M43-M43*$C43)))) -> 10325.432 | Q43: =IF(B43="","",O43+P43) -> 11847.296 | R43: =IF(B43="","",1/(1+'Decrements and Parameters'!$G$6)^(F43-Completed_yrs_service+1)) -> 0.32486158 | T43: =IF(B43<Retirement_Age,VLOOKUP(B43,'Decrements and Parameters'!$G$16:$J$78,4,FALSE),IF(B43=Retirement_Age,1,"")) -> 0.02 | U43: =IF(B43="","",IF(B43=Age_OnVal_Date,1,U42*(1-C42)*(1-T42))) -> 0.57535239 | V43: =N43 -> 25 | W43: =IF(B43="","",MIN(Curr_Salary*(1+$C$17)^(F43-Completed_yrs_service)*F43*Salary_Percentage,$F$16)*C43*$U43) -> 8356.9364 | X43: =IF(B43="","",IF(V43<'Decrements and Parameters'!$H$7,0,MIN(Curr_Salary*(1+$C$17)^(V43-Completed_yrs_service)*(V43+1)*Salary_Percentage,$F$16)*$T43*($U43-U43*$C43))) -> 11339.909 | Y43: =IF(B43="","",W43+X43) -> 19696.845 | Z43: =IF(B43="","",1/(1+'Decrements and Parameters'!$H$6)^(F43-Completed_yrs_service+1)) -> 0.32486158 | AB43: =IF(B43="","",MIN(Curr_Salary*(1+$C$17)^(F43-Completed_yrs_service)*F43*Salary_Percentage,$F$16)) -> 1000000 | AD43: =AB43/AB42 -> 1
B44: =IF(B43<Retirement_Age,B43+1,"") -> 56 | C44: =IF(B44>Retirement_Age,"",VLOOKUP(B44,'Decrements and Parameters'!$B$16:$D$78,IF($C$13="M",2,3),FALSE)*'Decrements and Parameters'!$F$5) -> 0.015614268 | D44: =IF(B44<Retirement_Age,VLOOKUP(B44,'Decrements and Parameters'!$G$16:$J$78,2,FALSE),IF(B44=Retirement_Age,1,"")) -> 0 | E44: =IF(B44="","",IF(B44=Age_OnVal_Date,1,E43*(1-C43)*(1-D43))) -> 0.84929401 | F44: =IF(B44="","",IF(B44=Age_OnVal_Date,$F$11,F43+1)) -> 26 | G44: =IF(B44="","",MIN(Curr_Salary*(1+$C$17)^(F44-Completed_yrs_service)*F44*Salary_Percentage,$F$16)*C44*$E44) -> 13261.105 | H44: =IF(B44="","",IF(F44<'Decrements and Parameters'!$F$7,0,MIN(Curr_Salary*(1+$C$17)^(F44-Completed_yrs_service)*(F44+1)*Salary_Percentage,$F$16)*($D44*($E44*(1-$C44))))) -> 0 | I44: =IF(B44="","",G44+H44) -> 13261.105 | J44: =IF(B44="","",1/(1+Discount_Rate)^(F44-Completed_yrs_service+1)) -> 0.30792567 | L44: =IF(B44<Retirement_Age,VLOOKUP(B44,'Decrements and Parameters'!$G$16:$J$78,3,FALSE),IF(B44=Retirement_Age,1,"")) -> 0.1 | M44: =IF(B44="","",IF(B44=Age_OnVal_Date,1,M43*(1-C43)*(1-L43))) -> 0.092928892 | N44: =F44 -> 26 | O44: =IF(B44="","",MIN(Curr_Salary*(1+$C$17)^(N44-Completed_yrs_service)*N44*Salary_Percentage,$F$16)*C44*$M44) -> 1451.0167 | P44: =IF(B44="","",IF(N44<'Decrements and Parameters'!$G$7,0,MIN(Curr_Salary*(1+$C$17)^(N44-Completed_yrs_service)*(N44+1)*Salary_Percentage,$F$16)*($L44*($M44-M44*$C44)))) -> 9147.7875 | Q44: =IF(B44="","",O44+P44) -> 10598.804 | R44: =IF(B44="","",1/(1+'Decrements and Parameters'!$G$6)^(F44-Completed_yrs_service+1)) -> 0.30792567 | T44: =IF(B44<Retirement_Age,VLOOKUP(B44,'Decrements and Parameters'!$G$16:$J$78,4,FALSE),IF(B44=Retirement_Age,1,"")) -> 0.02 | U44: =IF(B44="","",IF(B44=Age_OnVal_Date,1,U43*(1-C43)*(1-T43))) -> 0.55565554 | V44: =N44 -> 26 | W44: =IF(B44="","",MIN(Curr_Salary*(1+$C$17)^(F44-Completed_yrs_service)*F44*Salary_Percentage,$F$16)*C44*$U44) -> 8676.1548 | X44: =IF(B44="","",IF(V44<'Decrements and Parameters'!$H$7,0,MIN(Curr_Salary*(1+$C$17)^(V44-Completed_yrs_service)*(V44+1)*Salary_Percentage,$F$16)*$T44*($U44-U44*$C44))) -> 10939.588 | Y44: =IF(B44="","",W44+X44) -> 19615.743 | Z44: =IF(B44="","",1/(1+'Decrements and Parameters'!$H$6)^(F44-Completed_yrs_service+1)) -> 0.30792567 | AB44: =IF(B44="","",MIN(Curr_Salary*(1+$C$17)^(F44-Completed_yrs_service)*F44*Salary_Percentage,$F$16)) -> 1000000 | AD44: =AB44/AB43 -> 1
B45: =IF(B44<Retirement_Age,B44+1,"") -> 57 | C45: =IF(B45>Retirement_Age,"",VLOOKUP(B45,'Decrements and Parameters'!$B$16:$D$78,IF($C$13="M",2,3),FALSE)*'Decrements and Parameters'!$F$5) -> 0.016785339 | D45: =IF(B45<Retirement_Age,VLOOKUP(B45,'Decrements and Parameters'!$G$16:$J$78,2,FALSE),IF(B45=Retirement_Age,1,"")) -> 0 | E45: =IF(B45="","",IF(B45=Age_OnVal_Date,1,E44*(1-C44)*(1-D44))) -> 0.83603291 | F45: =IF(B45="","",IF(B45=Age_OnVal_Date,$F$11,F44+1)) -> 27 | G45: =IF(B45="","",MIN(Curr_Salary*(1+$C$17)^(F45-Completed_yrs_service)*F45*Salary_Percentage,$F$16)*C45*$E45) -> 14033.095 | H45: =IF(B45="","",IF(F45<'Decrements and Parameters'!$F$7,0,MIN(Curr_Salary*(1+$C$17)^(F45-Completed_yrs_service)*(F45+1)*Salary_Percentage,$F$16)*($D45*($E45*(1-$C45))))) -> 0 | I45: =IF(B45="","",G45+H45) -> 14033.095 | J45: =IF(B45="","",1/(1+Discount_Rate)^(F45-Completed_yrs_service+1)) -> 0.29187267 | L45: =IF(B45<Retirement_Age,VLOOKUP(B45,'Decrements and Parameters'!$G$16:$J$78,3,FALSE),IF(B45=Retirement_Age,1,"")) -> 0.1 | M45: =IF(B45="","",IF(B45=Age_OnVal_Date,1,M44*(1-C44)*(1-L44))) -> 0.082330088 | N45: =F45 -> 27 | O45: =IF(B45="","",MIN(Curr_Salary*(1+$C$17)^(N45-Completed_yrs_service)*N45*Salary_Percentage,$F$16)*C45*$M45) -> 1381.9384 | P45: =IF(B45="","",IF(N45<'Decrements and Parameters'!$G$7,0,MIN(Curr_Salary*(1+$C$17)^(N45-Completed_yrs_service)*(N45+1)*Salary_Percentage,$F$16)*($L45*($M45-M45*$C45)))) -> 8094.815 | Q45: =IF(B45="","",O45+P45) -> 9476.7534 | R45: =IF(B45="","",1/(1+'Decrements and Parameters'!$G$6)^(F45-Completed_yrs_service+1)) -> 0.29187267 | T45: =IF(B45<Retirement_Age,VLOOKUP(B45,'Decrements and Parameters'!$G$16:$J$78,4,FALSE),IF(B45=Retirement_Age,1,"")) -> 0.02 | U45: =IF(B45="","",IF(B45=Age_OnVal_Date,1,U44*(1-C44)*(1-T44))) -> 0.5360398 | V45: =N45 -> 27 | W45: =IF(B45="","",MIN(Curr_Salary*(1+$C$17)^(F45-Completed_yrs_service)*F45*Salary_Percentage,$F$16)*C45*$U45) -> 8997.6095 | X45: =IF(B45="","",IF(V45<'Decrements and Parameters'!$H$7,0,MIN(Curr_Salary*(1+$C$17)^(V45-Completed_yrs_service)*(V45+1)*Salary_Percentage,$F$16)*$T45*($U45-U45*$C45))) -> 10540.844 | Y45: =IF(B45="","",W45+X45) -> 19538.453 | Z45: =IF(B45="","",1/(1+'Decrements and Parameters'!$H$6)^(F45-Completed_yrs_service+1)) -> 0.29187267 | AB45: =IF(B45="","",MIN(Curr_Salary*(1+$C$17)^(F45-Completed_yrs_service)*F45*Salary_Percentage,$F$16)) -> 1000000 | AD45: =AB45/AB44 -> 1
B46: =IF(B45<Retirement_Age,B45+1,"") -> 58 | C46: =IF(B46>Retirement_Age,"",VLOOKUP(B46,'Decrements and Parameters'!$B$16:$D$78,IF($C$13="M",2,3),FALSE)*'Decrements and Parameters'!$F$5) -> 0.018044239 | D46: =IF(B46<Retirement_Age,VLOOKUP(B46,'Decrements and Parameters'!$G$16:$J$78,2,FALSE),IF(B46=Retirement_Age,1,"")) -> 0 | E46: =IF(B46="","",IF(B46=Age_OnVal_Date,1,E45*(1-C45)*(1-D45))) -> 0.82199981 | F46: =IF(B46="","",IF(B46=Age_OnVal_Date,$F$11,F45+1)) -> 28 | G46: =IF(B46="","",MIN(Curr_Salary*(1+$C$17)^(F46-Completed_yrs_service)*F46*Salary_Percentage,$F$16)*C46*$E46) -> 14832.361 | H46: =IF(B46="","",IF(F46<'Decrements and Parameters'!$F$7,0,MIN(Curr_Salary*(1+$C$17)^(F46-Completed_yrs_service)*(F46+1)*Salary_Percentage,$F$16)*($D46*($E46*(1-$C46))))) -> 0 | I46: =IF(B46="","",G46+H46) -> 14832.361 | J46: =IF(B46="","",1/(1+Discount_Rate)^(F46-Completed_yrs_service+1)) -> 0.27665656 | L46: =IF(B46<Retirement_Age,VLOOKUP(B46,'Decrements and Parameters'!$G$16:$J$78,3,FALSE),IF(B46=Retirement_Age,1,"")) -> 0.1 | M46: =IF(B46="","",IF(B46=Age_OnVal_Date,1,M45*(1-C45)*(1-L45))) -> 0.072853335 | N46: =F46 -> 28 | O46: =IF(B46="","",MIN(Curr_Salary*(1+$C$17)^(N46-Completed_yrs_service)*N46*Salary_Percentage,$F$16)*C46*$M46) -> 1314.583 | P46: =IF(B46="","",IF(N46<'Decrements and Parameters'!$G$7,0,MIN(Curr_Salary*(1+$C$17)^(N46-Completed_yrs_service)*(N46+1)*Salary_Percentage,$F$16)*($L46*($M46-M46*$C46)))) -> 7153.8752 | Q46: =IF(B46="","",O46+P46) -> 8468.4581 | R46: =IF(B46="","",1/(1+'Decrements and Parameters'!$G$6)^(F46-Completed_yrs_service+1)) -> 0.27665656 | T46: =IF(B46<Retirement_Age,VLOOKUP(B46,'Decrements and Parameters'!$G$16:$J$78,4,FALSE),IF(B46=Retirement_Age,1,"")) -> 0.02 | U46: =IF(B46="","",IF(B46=Age_OnVal_Date,1,U45*(1-C45)*(1-T45))) -> 0.51650135 | V46: =N46 -> 28 | W46: =IF(B46="","",MIN(Curr_Salary*(1+$C$17)^(F46-Completed_yrs_service)*F46*Salary_Percentage,$F$16)*C46*$U46) -> 9319.8737 | X46: =IF(B46="","",IF(V46<'Decrements and Parameters'!$H$7,0,MIN(Curr_Salary*(1+$C$17)^(V46-Completed_yrs_service)*(V46+1)*Salary_Percentage,$F$16)*$T46*($U46-U46*$C46))) -> 10143.629 | Y46: =IF(B46="","",W46+X46) -> 19463.503 | Z46: =IF(B46="","",1/(1+'Decrements and Parameters'!$H$6)^(F46-Completed_yrs_service+1)) -> 0.27665656 | AB46: =IF(B46="","",MIN(Curr_Salary*(1+$C$17)^(F46-Completed_yrs_service)*F46*Salary_Percentage,$F$16)) -> 1000000 | AD46: =AB46/AB45 -> 1
B47: =IF(B46<Retirement_Age,B46+1,"") -> 59 | C47: =IF(B47>Retirement_Age,"",VLOOKUP(B47,'Decrements and Parameters'!$B$16:$D$78,IF($C$13="M",2,3),FALSE)*'Decrements and Parameters'!$F$5) -> 0.019397557 | D47: =IF(B47<Retirement_Age,VLOOKUP(B47,'Decrements and Parameters'!$G$16:$J$78,2,FALSE),IF(B47=Retirement_Age,1,"")) -> 0 | E47: =IF(B47="","",IF(B47=Age_OnVal_Date,1,E46*(1-C46)*(1-D46))) -> 0.80716745 | F47: =IF(B47="","",IF(B47=Age_OnVal_Date,$F$11,F46+1)) -> 29 | G47: =IF(B47="","",MIN(Curr_Salary*(1+$C$17)^(F47-Completed_yrs_service)*F47*Salary_Percentage,$F$16)*C47*$E47) -> 15657.077 | H47: =IF(B47="","",IF(F47<'Decrements and Parameters'!$F$7,0,MIN(Curr_Salary*(1+$C$17)^(F47-Completed_yrs_service)*(F47+1)*Salary_Percentage,$F$16)*($D47*($E47*(1-$C47))))) -> 0 | I47: =IF(B47="","",G47+H47) -> 15657.077 | J47: =IF(B47="","",1/(1+Discount_Rate)^(F47-Completed_yrs_service+1)) -> 0.2622337 | L47: =IF(B47<Retirement_Age,VLOOKUP(B47,'Decrements and Parameters'!$G$16:$J$78,3,FALSE),IF(B47=Retirement_Age,1,"")) -> 0.1 | M47: =IF(B47="","",IF(B47=Age_OnVal_Date,1,M46*(1-C46)*(1-L46))) -> 0.064384876 | N47: =F47 -> 29 | O47: =IF(B47="","",MIN(Curr_Salary*(1+$C$17)^(N47-Completed_yrs_service)*N47*Salary_Percentage,$F$16)*C47*$M47) -> 1248.9093 | P47: =IF(B47="","",IF(N47<'Decrements and Parameters'!$G$7,0,MIN(Curr_Salary*(1+$C$17)^(N47-Completed_yrs_service)*(N47+1)*Salary_Percentage,$F$16)*($L47*($M47-M47*$C47)))) -> 6313.5967 | Q47: =IF(B47="","",O47+P47) -> 7562.506 | R47: =IF(B47="","",1/(1+'Decrements and Parameters'!$G$6)^(F47-Completed_yrs_service+1)) -> 0.2622337 | T47: =IF(B47<Retirement_Age,VLOOKUP(B47,'Decrements and Parameters'!$G$16:$J$78,4,FALSE),IF(B47=Retirement_Age,1,"")) -> 0.02 | U47: =IF(B47="","",IF(B47=Age_OnVal_Date,1,U46*(1-C46)*(1-T46))) -> 0.49703784 | V47: =N47 -> 29 | W47: =IF(B47="","",MIN(Curr_Salary*(1+$C$17)^(F47-Completed_yrs_service)*F47*Salary_Percentage,$F$16)*C47*$U47) -> 9641.3199 | X47: =IF(B47="","",IF(V47<'Decrements and Parameters'!$H$7,0,MIN(Curr_Salary*(1+$C$17)^(V47-Completed_yrs_service)*(V47+1)*Salary_Percentage,$F$16)*$T47*($U47-U47*$C47))) -> 9747.9305 | Y47: =IF(B47="","",W47+X47) -> 19389.25 | Z47: =IF(B47="","",1/(1+'Decrements and Parameters'!$H$6)^(F47-Completed_yrs_service+1)) -> 0.2622337 | AB47: =IF(B47="","",MIN(Curr_Salary*(1+$C$17)^(F47-Completed_yrs_service)*F47*Salary_Percentage,$F$16)) -> 1000000 | AD47: =AB47/AB46 -> 1
B48: =IF(B47<Retirement_Age,B47+1,"") -> 60 | C48: =IF(B48>Retirement_Age,"",VLOOKUP(B48,'Decrements and Parameters'!$B$16:$D$78,IF($C$13="M",2,3),FALSE)*'Decrements and Parameters'!$F$5) -> 0.020852374 | D48: =IF(B48<Retirement_Age,VLOOKUP(B48,'Decrements and Parameters'!$G$16:$J$78,2,FALSE),IF(B48=Retirement_Age,1,"")) -> 1 | E48: =IF(B48="","",IF(B48=Age_OnVal_Date,1,E47*(1-C47)*(1-D47))) -> 0.79151037 | F48: =IF(B48="","",IF(B48=Age_OnVal_Date,$F$11,F47+1)) -> 30 | G48: =IF(B48="","",MIN(Curr_Salary*(1+$C$17)^(F48-Completed_yrs_service)*F48*Salary_Percentage,$F$16)*C48*$E48) -> 16504.87 | H48: =IF(B48="","",IF(F48<'Decrements and Parameters'!$F$7,0,MIN(Curr_Salary*(1+$C$17)^(F48-Completed_yrs_service)*(F48+1)*Salary_Percentage,$F$16)*($D48*($E48*(1-$C48))))) -> 775005.5 | I48: =IF(B48="","",G48+H48) -> 791510.37 | J48: =IF(B48="","",1/(1+Discount_Rate)^(F48-Completed_yrs_service+1)) -> 0.24856275 | L48: =IF(B48<Retirement_Age,VLOOKUP(B48,'Decrements and Parameters'!$G$16:$J$78,3,FALSE),IF(B48=Retirement_Age,1,"")) -> 1 | M48: =IF(B48="","",IF(B48=Age_OnVal_Date,1,M47*(1-C47)*(1-L47))) -> 0.05682237 | N48: =F48 -> 30 | O48: =IF(B48="","",MIN(Curr_Salary*(1+$C$17)^(N48-Completed_yrs_service)*N48*Salary_Percentage,$F$16)*C48*$M48) -> 1184.8813 | P48: =IF(B48="","",IF(N48<'Decrements and Parameters'!$G$7,0,MIN(Curr_Salary*(1+$C$17)^(N48-Completed_yrs_service)*(N48+1)*Salary_Percentage,$F$16)*($L48*($M48-M48*$C48)))) -> 55637.489 | Q48: =IF(B48="","",O48+P48) -> 56822.37 | R48: =IF(B48="","",1/(1+'Decrements and Parameters'!$G$6)^(F48-Completed_yrs_service+1)) -> 0.24856275 | T48: =IF(B48<Retirement_Age,VLOOKUP(B48,'Decrements and Parameters'!$G$16:$J$78,4,FALSE),IF(B48=Retirement_Age,1,"")) -> 1 | U48: =IF(B48="","",IF(B48=Age_OnVal_Date,1,U47*(1-C47)*(1-T47))) -> 0.47764859 | V48: =N48 -> 30 | W48: =IF(B48="","",MIN(Curr_Salary*(1+$C$17)^(F48-Completed_yrs_service)*F48*Salary_Percentage,$F$16)*C48*$U48) -> 9960.107 | X48: =IF(B48="","",IF(V48<'Decrements and Parameters'!$H$7,0,MIN(Curr_Salary*(1+$C$17)^(V48-Completed_yrs_service)*(V48+1)*Salary_Percentage,$F$16)*$T48*($U48-U48*$C48))) -> 467688.49 | Y48: =IF(B48="","",W48+X48) -> 477648.59 | Z48: =IF(B48="","",1/(1+'Decrements and Parameters'!$H$6)^(F48-Completed_yrs_service+1)) -> 0.24856275 | AB48: =IF(B48="","",MIN(Curr_Salary*(1+$C$17)^(F48-Completed_yrs_service)*F48*Salary_Percentage,$F$16)) -> 1000000 | AD48: =AB48/AB47 -> 1
B49: =IF(B48<Retirement_Age,B48+1,"") | C49: =IF(B49>Retirement_Age,"",VLOOKUP(B49,'Decrements and Parameters'!$B$16:$D$78,IF($C$13="M",2,3),FALSE)*'Decrements and Parameters'!$F$5) | D49: =IF(B49<Retirement_Age,VLOOKUP(B49,'Decrements and Parameters'!$G$16:$J$78,2,FALSE),IF(B49=Retirement_Age,1,"")) | E49: =IF(B49="","",IF(B49=Age_OnVal_Date,1,E48*(1-C48)*(1-D48))) | F49: =IF(B49="","",IF(B49=Age_OnVal_Date,$F$11,F48+1)) | G49: =IF(B49="","",MIN(Curr_Salary*(1+$C$17)^(F49-Completed_yrs_service)*F49*Salary_Percentage,$F$16)*C49*$E49) | H49: =IF(B49="","",IF(F49<'Decrements and Parameters'!$F$7,0,MIN(Curr_Salary*(1+$C$17)^(F49-Completed_yrs_service)*(F49+1)*Salary_Percentage,$F$16)*($D49*($E49*(1-$C49))))) | I49: =IF(B49="","",G49+H49) | J49: =IF(B49="","",1/(1+Discount_Rate)^(F49-Completed_yrs_service+1)) | L49: =IF(B49<Retirement_Age,VLOOKUP(B49,'Decrements and Parameters'!$G$16:$J$78,3,FALSE),IF(B49=Retirement_Age,1,"")) | M49: =IF(B49="","",IF(B49=Age_OnVal_Date,1,M48*(1-C48)*(1-L48))) | N49: =F49 | O49: =IF(B49="","",MIN(Curr_Salary*(1+$C$17)^(N49-Completed_yrs_service)*N49*Salary_Percentage,$F$16)*C49*$M49) | P49: =IF(B49="","",IF(N49<'Decrements and Parameters'!$G$7,0,MIN(Curr_Salary*(1+$C$17)^(N49-Completed_yrs_service)*(N49+1)*Salary_Percentage,$F$16)*($L49*($M49-M49*$C49)))) | Q49: =IF(B49="","",O49+P49) | R49: =IF(B49="","",1/(1+'Decrements and Parameters'!$G$6)^(F49-Completed_yrs_service+1)) | T49: =IF(B49<Retirement_Age,VLOOKUP(B49,'Decrements and Parameters'!$G$16:$J$78,4,FALSE),IF(B49=Retirement_Age,1,"")) | U49: =IF(B49="","",IF(B49=Age_OnVal_Date,1,U48*(1-C48)*(1-T48))) | V49: =N49 | W49: =IF(B49="","",MIN(Curr_Salary*(1+$C$17)^(F49-Completed_yrs_service)*F49*Salary_Percentage,$F$16)*C49*$U49) | X49: =IF(B49="","",IF(V49<'Decrements and Parameters'!$H$7,0,MIN(Curr_Salary*(1+$C$17)^(V49-Completed_yrs_service)*(V49+1)*Salary_Percentage,$F$16)*$T49*($U49-U49*$C49))) | Y49: =IF(B49="","",W49+X49) | Z49: =IF(B49="","",1/(1+'Decrements and Parameters'!$H$6)^(F49-Completed_yrs_service+1)) | AB49: =IF(B49="","",MIN(Curr_Salary*(1+$C$17)^(F49-Completed_yrs_service)*F49*Salary_Percentage,$F$16))
B50: =IF(B49<Retirement_Age,B49+1,"") | C50: =IF(B50>Retirement_Age,"",VLOOKUP(B50,'Decrements and Parameters'!$B$16:$D$78,IF($C$13="M",2,3),FALSE)*'Decrements and Parameters'!$F$5) | D50: =IF(B50<Retirement_Age,VLOOKUP(B50,'Decrements and Parameters'!$G$16:$J$78,2,FALSE),IF(B50=Retirement_Age,1,"")) | E50: =IF(B50="","",IF(B50=Age_OnVal_Date,1,E49*(1-C49)*(1-D49))) | F50: =IF(B50="","",IF(B50=Age_OnVal_Date,$F$11,F49+1)) | G50: =IF(B50="","",MIN(Curr_Salary*(1+$C$17)^(F50-Completed_yrs_service)*F50*Salary_Percentage,$F$16)*C50*$E50) | H50: =IF(B50="","",IF(F50<'Decrements and Parameters'!$F$7,0,MIN(Curr_Salary*(1+$C$17)^(F50-Completed_yrs_service)*(F50+1)*Salary_Percentage,$F$16)*($D50*($E50*(1-$C50))))) | I50: =IF(B50="","",G50+H50) | J50: =IF(B50="","",1/(1+Discount_Rate)^(F50-Completed_yrs_service+1)) | L50: =IF(B50<Retirement_Age,VLOOKUP(B50,'Decrements and Parameters'!$G$16:$J$78,3,FALSE),IF(B50=Retirement_Age,1,"")) | M50: =IF(B50="","",IF(B50=Age_OnVal_Date,1,M49*(1-C49)*(1-L49))) | N50: =F50 | O50: =IF(B50="","",MIN(Curr_Salary*(1+$C$17)^(N50-Completed_yrs_service)*N50*Salary_Percentage,$F$16)*C50*$M50) | P50: =IF(B50="","",IF(N50<'Decrements and Parameters'!$G$7,0,MIN(Curr_Salary*(1+$C$17)^(N50-Completed_yrs_service)*(N50+1)*Salary_Percentage,$F$16)*($L50*($M50-M50*$C50)))) | Q50: =IF(B50="","",O50+P50) | R50: =IF(B50="","",1/(1+'Decrements and Parameters'!$G$6)^(F50-Completed_yrs_service+1)) | T50: =IF(B50<Retirement_Age,VLOOKUP(B50,'Decrements and Parameters'!$G$16:$J$78,4,FALSE),IF(B50=Retirement_Age,1,"")) | U50: =IF(B50="","",IF(B50=Age_OnVal_Date,1,U49*(1-C49)*(1-T49))) | V50: =N50 | W50: =IF(B50="","",MIN(Curr_Salary*(1+$C$17)^(F50-Completed_yrs_service)*F50*Salary_Percentage,$F$16)*C50*$U50) | X50: =IF(B50="","",IF(V50<'Decrements and Parameters'!$H$7,0,MIN(Curr_Salary*(1+$C$17)^(V50-Completed_yrs_service)*(V50+1)*Salary_Percentage,$F$16)*$T50*($U50-U50*$C50))) | Y50: =IF(B50="","",W50+X50) | Z50: =IF(B50="","",1/(1+'Decrements and Parameters'!$H$6)^(F50-Completed_yrs_service+1)) | AB50: =IF(B50="","",MIN(Curr_Salary*(1+$C$17)^(F50-Completed_yrs_service)*F50*Salary_Percentage,$F$16))
B51: =IF(B50<Retirement_Age,B50+1,"") | C51: =IF(B51>Retirement_Age,"",VLOOKUP(B51,'Decrements and Parameters'!$B$16:$D$78,IF($C$13="M",2,3),FALSE)*'Decrements and Parameters'!$F$5) | D51: =IF(B51<Retirement_Age,VLOOKUP(B51,'Decrements and Parameters'!$G$16:$J$78,2,FALSE),IF(B51=Retirement_Age,1,"")) | E51: =IF(B51="","",IF(B51=Age_OnVal_Date,1,E50*(1-C50)*(1-D50))) | F51: =IF(B51="","",IF(B51=Age_OnVal_Date,$F$11,F50+1)) | G51: =IF(B51="","",MIN(Curr_Salary*(1+$C$17)^(F51-Completed_yrs_service)*F51*Salary_Percentage,$F$16)*C51*$E51) | H51: =IF(B51="","",IF(F51<'Decrements and Parameters'!$F$7,0,MIN(Curr_Salary*(1+$C$17)^(F51-Completed_yrs_service)*(F51+1)*Salary_Percentage,$F$16)*($D51*($E51*(1-$C51))))) | I51: =IF(B51="","",G51+H51) | J51: =IF(B51="","",1/(1+Discount_Rate)^(F51-Completed_yrs_service+1)) | L51: =IF(B51<Retirement_Age,VLOOKUP(B51,'Decrements and Parameters'!$G$16:$J$78,3,FALSE),IF(B51=Retirement_Age,1,"")) | M51: =IF(B51="","",IF(B51=Age_OnVal_Date,1,M50*(1-C50)*(1-L50))) | N51: =F51 | O51: =IF(B51="","",MIN(Curr_Salary*(1+$C$17)^(N51-Completed_yrs_service)*N51*Salary_Percentage,$F$16)*C51*$M51) | P51: =IF(B51="","",IF(N51<'Decrements and Parameters'!$G$7,0,MIN(Curr_Salary*(1+$C$17)^(N51-Completed_yrs_service)*(N51+1)*Salary_Percentage,$F$16)*($L51*($M51-M51*$C51)))) | Q51: =IF(B51="","",O51+P51) | R51: =IF(B51="","",1/(1+'Decrements and Parameters'!$G$6)^(F51-Completed_yrs_service+1)) | T51: =IF(B51<Retirement_Age,VLOOKUP(B51,'Decrements and Parameters'!$G$16:$J$78,4,FALSE),IF(B51=Retirement_Age,1,"")) | U51: =IF(B51="","",IF(B51=Age_OnVal_Date,1,U50*(1-C50)*(1-T50))) | V51: =N51 | W51: =IF(B51="","",MIN(Curr_Salary*(1+$C$17)^(F51-Completed_yrs_service)*F51*Salary_Percentage,$F$16)*C51*$U51) | X51: =IF(B51="","",IF(V51<'Decrements and Parameters'!$H$7,0,MIN(Curr_Salary*(1+$C$17)^(V51-Completed_yrs_service)*(V51+1)*Salary_Percentage,$F$16)*$T51*($U51-U51*$C51))) | Y51: =IF(B51="","",W51+X51) | Z51: =IF(B51="","",1/(1+'Decrements and Parameters'!$H$6)^(F51-Completed_yrs_service+1)) | AB51: =IF(B51="","",MIN(Curr_Salary*(1+$C$17)^(F51-Completed_yrs_service)*F51*Salary_Percentage,$F$16))
B52: =IF(B51<Retirement_Age,B51+1,"") | C52: =IF(B52>Retirement_Age,"",VLOOKUP(B52,'Decrements and Parameters'!$B$16:$D$78,IF($C$13="M",2,3),FALSE)*'Decrements and Parameters'!$F$5) | D52: =IF(B52<Retirement_Age,VLOOKUP(B52,'Decrements and Parameters'!$G$16:$J$78,2,FALSE),IF(B52=Retirement_Age,1,"")) | E52: =IF(B52="","",IF(B52=Age_OnVal_Date,1,E51*(1-C51)*(1-D51))) | F52: =IF(B52="","",IF(B52=Age_OnVal_Date,$F$11,F51+1)) | G52: =IF(B52="","",MIN(Curr_Salary*(1+$C$17)^(F52-Completed_yrs_service)*F52*Salary_Percentage,$F$16)*C52*$E52) | H52: =IF(B52="","",IF(F52<'Decrements and Parameters'!$F$7,0,MIN(Curr_Salary*(1+$C$17)^(F52-Completed_yrs_service)*(F52+1)*Salary_Percentage,$F$16)*($D52*($E52*(1-$C52))))) | I52: =IF(B52="","",G52+H52) | J52: =IF(B52="","",1/(1+Discount_Rate)^(F52-Completed_yrs_service+1)) | L52: =IF(B52<Retirement_Age,VLOOKUP(B52,'Decrements and Parameters'!$G$16:$J$78,3,FALSE),IF(B52=Retirement_Age,1,"")) | M52: =IF(B52="","",IF(B52=Age_OnVal_Date,1,M51*(1-C51)*(1-L51))) | N52: =F52 | O52: =IF(B52="","",MIN(Curr_Salary*(1+$C$17)^(N52-Completed_yrs_service)*N52*Salary_Percentage,$F$16)*C52*$M52) | P52: =IF(B52="","",IF(N52<'Decrements and Parameters'!$G$7,0,MIN(Curr_Salary*(1+$C$17)^(N52-Completed_yrs_service)*(N52+1)*Salary_Percentage,$F$16)*($L52*($M52-M52*$C52)))) | Q52: =IF(B52="","",O52+P52) | R52: =IF(B52="","",1/(1+'Decrements and Parameters'!$G$6)^(F52-Completed_yrs_service+1)) | T52: =IF(B52<Retirement_Age,VLOOKUP(B52,'Decrements and Parameters'!$G$16:$J$78,4,FALSE),IF(B52=Retirement_Age,1,"")) | U52: =IF(B52="","",IF(B52=Age_OnVal_Date,1,U51*(1-C51)*(1-T51))) | V52: =N52 | W52: =IF(B52="","",MIN(Curr_Salary*(1+$C$17)^(F52-Completed_yrs_service)*F52*Salary_Percentage,$F$16)*C52*$U52) | X52: =IF(B52="","",IF(V52<'Decrements and Parameters'!$H$7,0,MIN(Curr_Salary*(1+$C$17)^(V52-Completed_yrs_service)*(V52+1)*Salary_Percentage,$F$16)*$T52*($U52-U52*$C52))) | Y52: =IF(B52="","",W52+X52) | Z52: =IF(B52="","",1/(1+'Decrements and Parameters'!$H$6)^(F52-Completed_yrs_service+1)) | AB52: =IF(B52="","",MIN(Curr_Salary*(1+$C$17)^(F52-Completed_yrs_service)*F52*Salary_Percentage,$F$16))
B53: =IF(B52<Retirement_Age,B52+1,"") | C53: =IF(B53>Retirement_Age,"",VLOOKUP(B53,'Decrements and Parameters'!$B$16:$D$78,IF($C$13="M",2,3),FALSE)*'Decrements and Parameters'!$F$5) | D53: =IF(B53<Retirement_Age,VLOOKUP(B53,'Decrements and Parameters'!$G$16:$J$78,2,FALSE),IF(B53=Retirement_Age,1,"")) | E53: =IF(B53="","",IF(B53=Age_OnVal_Date,1,E52*(1-C52)*(1-D52))) | F53: =IF(B53="","",IF(B53=Age_OnVal_Date,$F$11,F52+1)) | G53: =IF(B53="","",MIN(Curr_Salary*(1+$C$17)^(F53-Completed_yrs_service)*F53*Salary_Percentage,$F$16)*C53*$E53) | H53: =IF(B53="","",IF(F53<'Decrements and Parameters'!$F$7,0,MIN(Curr_Salary*(1+$C$17)^(F53-Completed_yrs_service)*(F53+1)*Salary_Percentage,$F$16)*($D53*($E53*(1-$C53))))) | I53: =IF(B53="","",G53+H53) | J53: =IF(B53="","",1/(1+Discount_Rate)^(F53-Completed_yrs_service+1)) | L53: =IF(B53<Retirement_Age,VLOOKUP(B53,'Decrements and Parameters'!$G$16:$J$78,3,FALSE),IF(B53=Retirement_Age,1,"")) | M53: =IF(B53="","",IF(B53=Age_OnVal_Date,1,M52*(1-C52)*(1-L52))) | N53: =F53 | O53: =IF(B53="","",MIN(Curr_Salary*(1+$C$17)^(N53-Completed_yrs_service)*N53*Salary_Percentage,$F$16)*C53*$M53) | P53: =IF(B53="","",IF(N53<'Decrements and Parameters'!$G$7,0,MIN(Curr_Salary*(1+$C$17)^(N53-Completed_yrs_service)*(N53+1)*Salary_Percentage,$F$16)*($L53*($M53-M53*$C53)))) | Q53: =IF(B53="","",O53+P53) | R53: =IF(B53="","",1/(1+'Decrements and Parameters'!$G$6)^(F53-Completed_yrs_service+1)) | T53: =IF(B53<Retirement_Age,VLOOKUP(B53,'Decrements and Parameters'!$G$16:$J$78,4,FALSE),IF(B53=Retirement_Age,1,"")) | U53: =IF(B53="","",IF(B53=Age_OnVal_Date,1,U52*(1-C52)*(1-T52))) | V53: =N53 | W53: =IF(B53="","",MIN(Curr_Salary*(1+$C$17)^(F53-Completed_yrs_service)*F53*Salary_Percentage,$F$16)*C53*$U53) | X53: =IF(B53="","",IF(V53<'Decrements and Parameters'!$H$7,0,MIN(Curr_Salary*(1+$C$17)^(V53-Completed_yrs_service)*(V53+1)*Salary_Percentage,$F$16)*$T53*($U53-U53*$C53))) | Y53: =IF(B53="","",W53+X53) | Z53: =IF(B53="","",1/(1+'Decrements and Parameters'!$H$6)^(F53-Completed_yrs_service+1)) | AB53: =IF(B53="","",MIN(Curr_Salary*(1+$C$17)^(F53-Completed_yrs_service)*F53*Salary_Percentage,$F$16))
B54: =IF(B53<Retirement_Age,B53+1,"") | C54: =IF(B54>Retirement_Age,"",VLOOKUP(B54,'Decrements and Parameters'!$B$16:$D$78,IF($C$13="M",2,3),FALSE)*'Decrements and Parameters'!$F$5) | D54: =IF(B54<Retirement_Age,VLOOKUP(B54,'Decrements and Parameters'!$G$16:$J$78,2,FALSE),IF(B54=Retirement_Age,1,"")) | E54: =IF(B54="","",IF(B54=Age_OnVal_Date,1,E53*(1-C53)*(1-D53))) | F54: =IF(B54="","",IF(B54=Age_OnVal_Date,$F$11,F53+1)) | G54: =IF(B54="","",MIN(Curr_Salary*(1+$C$17)^(F54-Completed_yrs_service)*F54*Salary_Percentage,$F$16)*C54*$E54) | H54: =IF(B54="","",IF(F54<'Decrements and Parameters'!$F$7,0,MIN(Curr_Salary*(1+$C$17)^(F54-Completed_yrs_service)*(F54+1)*Salary_Percentage,$F$16)*($D54*($E54*(1-$C54))))) | I54: =IF(B54="","",G54+H54) | J54: =IF(B54="","",1/(1+Discount_Rate)^(F54-Completed_yrs_service+1)) | L54: =IF(B54<Retirement_Age,VLOOKUP(B54,'Decrements and Parameters'!$G$16:$J$78,3,FALSE),IF(B54=Retirement_Age,1,"")) | M54: =IF(B54="","",IF(B54=Age_OnVal_Date,1,M53*(1-C53)*(1-L53))) | N54: =F54 | O54: =IF(B54="","",MIN(Curr_Salary*(1+$C$17)^(N54-Completed_yrs_service)*N54*Salary_Percentage,$F$16)*C54*$M54) | P54: =IF(B54="","",IF(N54<'Decrements and Parameters'!$G$7,0,MIN(Curr_Salary*(1+$C$17)^(N54-Completed_yrs_service)*(N54+1)*Salary_Percentage,$F$16)*($L54*($M54-M54*$C54)))) | Q54: =IF(B54="","",O54+P54) | R54: =IF(B54="","",1/(1+'Decrements and Parameters'!$G$6)^(F54-Completed_yrs_service+1)) | T54: =IF(B54<Retirement_Age,VLOOKUP(B54,'Decrements and Parameters'!$G$16:$J$78,4,FALSE),IF(B54=Retirement_Age,1,"")) | U54: =IF(B54="","",IF(B54=Age_OnVal_Date,1,U53*(1-C53)*(1-T53))) | V54: =N54 | W54: =IF(B54="","",MIN(Curr_Salary*(1+$C$17)^(F54-Completed_yrs_service)*F54*Salary_Percentage,$F$16)*C54*$U54) | X54: =IF(B54="","",IF(V54<'Decrements and Parameters'!$H$7,0,MIN(Curr_Salary*(1+$C$17)^(V54-Completed_yrs_service)*(V54+1)*Salary_Percentage,$F$16)*$T54*($U54-U54*$C54))) | Y54: =IF(B54="","",W54+X54) | Z54: =IF(B54="","",1/(1+'Decrements and Parameters'!$H$6)^(F54-Completed_yrs_service+1)) | AB54: =IF(B54="","",MIN(Curr_Salary*(1+$C$17)^(F54-Completed_yrs_service)*F54*Salary_Percentage,$F$16))
B55: =IF(B54<Retirement_Age,B54+1,"") | C55: =IF(B55>Retirement_Age,"",VLOOKUP(B55,'Decrements and Parameters'!$B$16:$D$78,IF($C$13="M",2,3),FALSE)*'Decrements and Parameters'!$F$5) | D55: =IF(B55<Retirement_Age,VLOOKUP(B55,'Decrements and Parameters'!$G$16:$J$78,2,FALSE),IF(B55=Retirement_Age,1,"")) | E55: =IF(B55="","",IF(B55=Age_OnVal_Date,1,E54*(1-C54)*(1-D54))) | F55: =IF(B55="","",IF(B55=Age_OnVal_Date,$F$11,F54+1)) | G55: =IF(B55="","",MIN(Curr_Salary*(1+$C$17)^(F55-Completed_yrs_service)*F55*Salary_Percentage,$F$16)*C55*$E55) | H55: =IF(B55="","",IF(F55<'Decrements and Parameters'!$F$7,0,MIN(Curr_Salary*(1+$C$17)^(F55-Completed_yrs_service)*(F55+1)*Salary_Percentage,$F$16)*($D55*($E55*(1-$C55))))) | I55: =IF(B55="","",G55+H55) | J55: =IF(B55="","",1/(1+Discount_Rate)^(F55-Completed_yrs_service+1)) | L55: =IF(B55<Retirement_Age,VLOOKUP(B55,'Decrements and Parameters'!$G$16:$J$78,3,FALSE),IF(B55=Retirement_Age,1,"")) | M55: =IF(B55="","",IF(B55=Age_OnVal_Date,1,M54*(1-C54)*(1-L54))) | N55: =F55 | O55: =IF(B55="","",MIN(Curr_Salary*(1+$C$17)^(N55-Completed_yrs_service)*N55*Salary_Percentage,$F$16)*C55*$M55) | P55: =IF(B55="","",IF(N55<'Decrements and Parameters'!$G$7,0,MIN(Curr_Salary*(1+$C$17)^(N55-Completed_yrs_service)*(N55+1)*Salary_Percentage,$F$16)*($L55*($M55-M55*$C55)))) | Q55: =IF(B55="","",O55+P55) | R55: =IF(B55="","",1/(1+'Decrements and Parameters'!$G$6)^(F55-Completed_yrs_service+1)) | T55: =IF(B55<Retirement_Age,VLOOKUP(B55,'Decrements and Parameters'!$G$16:$J$78,4,FALSE),IF(B55=Retirement_Age,1,"")) | U55: =IF(B55="","",IF(B55=Age_OnVal_Date,1,U54*(1-C54)*(1-T54))) | V55: =N55 | W55: =IF(B55="","",MIN(Curr_Salary*(1+$C$17)^(F55-Completed_yrs_service)*F55*Salary_Percentage,$F$16)*C55*$U55) | X55: =IF(B55="","",IF(V55<'Decrements and Parameters'!$H$7,0,MIN(Curr_Salary*(1+$C$17)^(V55-Completed_yrs_service)*(V55+1)*Salary_Percentage,$F$16)*$T55*($U55-U55*$C55))) | Y55: =IF(B55="","",W55+X55) | Z55: =IF(B55="","",1/(1+'Decrements and Parameters'!$H$6)^(F55-Completed_yrs_service+1)) | AB55: =IF(B55="","",MIN(Curr_Salary*(1+$C$17)^(F55-Completed_yrs_service)*F55*Salary_Percentage,$F$16))
B56: =IF(B55<Retirement_Age,B55+1,"") | C56: =IF(B56>Retirement_Age,"",VLOOKUP(B56,'Decrements and Parameters'!$B$16:$D$78,IF($C$13="M",2,3),FALSE)*'Decrements and Parameters'!$F$5) | D56: =IF(B56<Retirement_Age,VLOOKUP(B56,'Decrements and Parameters'!$G$16:$J$78,2,FALSE),IF(B56=Retirement_Age,1,"")) | E56: =IF(B56="","",IF(B56=Age_OnVal_Date,1,E55*(1-C55)*(1-D55))) | F56: =IF(B56="","",IF(B56=Age_OnVal_Date,$F$11,F55+1)) | G56: =IF(B56="","",MIN(Curr_Salary*(1+$C$17)^(F56-Completed_yrs_service)*F56*Salary_Percentage,$F$16)*C56*$E56) | H56: =IF(B56="","",IF(F56<'Decrements and Parameters'!$F$7,0,MIN(Curr_Salary*(1+$C$17)^(F56-Completed_yrs_service)*(F56+1)*Salary_Percentage,$F$16)*($D56*($E56*(1-$C56))))) | I56: =IF(B56="","",G56+H56) | J56: =IF(B56="","",1/(1+Discount_Rate)^(F56-Completed_yrs_service+1)) | L56: =IF(B56<Retirement_Age,VLOOKUP(B56,'Decrements and Parameters'!$G$16:$J$78,3,FALSE),IF(B56=Retirement_Age,1,"")) | M56: =IF(B56="","",IF(B56=Age_OnVal_Date,1,M55*(1-C55)*(1-L55))) | N56: =F56 | O56: =IF(B56="","",MIN(Curr_Salary*(1+$C$17)^(N56-Completed_yrs_service)*N56*Salary_Percentage,$F$16)*C56*$M56) | P56: =IF(B56="","",IF(N56<'Decrements and Parameters'!$G$7,0,MIN(Curr_Salary*(1+$C$17)^(N56-Completed_yrs_service)*(N56+1)*Salary_Percentage,$F$16)*($L56*($M56-M56*$C56)))) | Q56: =IF(B56="","",O56+P56) | R56: =IF(B56="","",1/(1+'Decrements and Parameters'!$G$6)^(F56-Completed_yrs_service+1)) | T56: =IF(B56<Retirement_Age,VLOOKUP(B56,'Decrements and Parameters'!$G$16:$J$78,4,FALSE),IF(B56=Retirement_Age,1,"")) | U56: =IF(B56="","",IF(B56=Age_OnVal_Date,1,U55*(1-C55)*(1-T55))) | V56: =N56 | W56: =IF(B56="","",MIN(Curr_Salary*(1+$C$17)^(F56-Completed_yrs_service)*F56*Salary_Percentage,$F$16)*C56*$U56) | X56: =IF(B56="","",IF(V56<'Decrements and Parameters'!$H$7,0,MIN(Curr_Salary*(1+$C$17)^(V56-Completed_yrs_service)*(V56+1)*Salary_Percentage,$F$16)*$T56*($U56-U56*$C56))) | Y56: =IF(B56="","",W56+X56) | Z56: =IF(B56="","",1/(1+'Decrements and Parameters'!$H$6)^(F56-Completed_yrs_service+1)) | AB56: =IF(B56="","",MIN(Curr_Salary*(1+$C$17)^(F56-Completed_yrs_service)*F56*Salary_Percentage,$F$16))
B57: =IF(B56<Retirement_Age,B56+1,"") | C57: =IF(B57>Retirement_Age,"",VLOOKUP(B57,'Decrements and Parameters'!$B$16:$D$78,IF($C$13="M",2,3),FALSE)*'Decrements and Parameters'!$F$5) | D57: =IF(B57<Retirement_Age,VLOOKUP(B57,'Decrements and Parameters'!$G$16:$J$78,2,FALSE),IF(B57=Retirement_Age,1,"")) | E57: =IF(B57="","",IF(B57=Age_OnVal_Date,1,E56*(1-C56)*(1-D56))) | F57: =IF(B57="","",IF(B57=Age_OnVal_Date,$F$11,F56+1)) | G57: =IF(B57="","",MIN(Curr_Salary*(1+$C$17)^(F57-Completed_yrs_service)*F57*Salary_Percentage,$F$16)*C57*$E57) | H57: =IF(B57="","",IF(F57<'Decrements and Parameters'!$F$7,0,MIN(Curr_Salary*(1+$C$17)^(F57-Completed_yrs_service)*(F57+1)*Salary_Percentage,$F$16)*($D57*($E57*(1-$C57))))) | I57: =IF(B57="","",G57+H57) | J57: =IF(B57="","",1/(1+Discount_Rate)^(F57-Completed_yrs_service+1)) | L57: =IF(B57<Retirement_Age,VLOOKUP(B57,'Decrements and Parameters'!$G$16:$J$78,3,FALSE),IF(B57=Retirement_Age,1,"")) | M57: =IF(B57="","",IF(B57=Age_OnVal_Date,1,M56*(1-C56)*(1-L56))) | N57: =F57 | O57: =IF(B57="","",MIN(Curr_Salary*(1+$C$17)^(N57-Completed_yrs_service)*N57*Salary_Percentage,$F$16)*C57*$M57) | P57: =IF(B57="","",IF(N57<'Decrements and Parameters'!$G$7,0,MIN(Curr_Salary*(1+$C$17)^(N57-Completed_yrs_service)*(N57+1)*Salary_Percentage,$F$16)*($L57*($M57-M57*$C57)))) | Q57: =IF(B57="","",O57+P57) | R57: =IF(B57="","",1/(1+'Decrements and Parameters'!$G$6)^(F57-Completed_yrs_service+1)) | T57: =IF(B57<Retirement_Age,VLOOKUP(B57,'Decrements and Parameters'!$G$16:$J$78,4,FALSE),IF(B57=Retirement_Age,1,"")) | U57: =IF(B57="","",IF(B57=Age_OnVal_Date,1,U56*(1-C56)*(1-T56))) | V57: =N57 | W57: =IF(B57="","",MIN(Curr_Salary*(1+$C$17)^(F57-Completed_yrs_service)*F57*Salary_Percentage,$F$16)*C57*$U57) | X57: =IF(B57="","",IF(V57<'Decrements and Parameters'!$H$7,0,MIN(Curr_Salary*(1+$C$17)^(V57-Completed_yrs_service)*(V57+1)*Salary_Percentage,$F$16)*$T57*($U57-U57*$C57))) | Y57: =IF(B57="","",W57+X57) | Z57: =IF(B57="","",1/(1+'Decrements and Parameters'!$H$6)^(F57-Completed_yrs_service+1)) | AB57: =IF(B57="","",MIN(Curr_Salary*(1+$C$17)^(F57-Completed_yrs_service)*F57*Salary_Percentage,$F$16))
B58: =IF(B57<Retirement_Age,B57+1,"") | C58: =IF(B58>Retirement_Age,"",VLOOKUP(B58,'Decrements and Parameters'!$B$16:$D$78,IF($C$13="M",2,3),FALSE)*'Decrements and Parameters'!$F$5) | D58: =IF(B58<Retirement_Age,VLOOKUP(B58,'Decrements and Parameters'!$G$16:$J$78,2,FALSE),IF(B58=Retirement_Age,1,"")) | E58: =IF(B58="","",IF(B58=Age_OnVal_Date,1,E57*(1-C57)*(1-D57))) | F58: =IF(B58="","",IF(B58=Age_OnVal_Date,$F$11,F57+1)) | G58: =IF(B58="","",MIN(Curr_Salary*(1+$C$17)^(F58-Completed_yrs_service)*F58*Salary_Percentage,$F$16)*C58*$E58) | H58: =IF(B58="","",IF(F58<'Decrements and Parameters'!$F$7,0,MIN(Curr_Salary*(1+$C$17)^(F58-Completed_yrs_service)*(F58+1)*Salary_Percentage,$F$16)*($D58*($E58*(1-$C58))))) | I58: =IF(B58="","",G58+H58) | J58: =IF(B58="","",1/(1+Discount_Rate)^(F58-Completed_yrs_service+1)) | L58: =IF(B58<Retirement_Age,VLOOKUP(B58,'Decrements and Parameters'!$G$16:$J$78,3,FALSE),IF(B58=Retirement_Age,1,"")) | M58: =IF(B58="","",IF(B58=Age_OnVal_Date,1,M57*(1-C57)*(1-L57))) | N58: =F58 | O58: =IF(B58="","",MIN(Curr_Salary*(1+$C$17)^(N58-Completed_yrs_service)*N58*Salary_Percentage,$F$16)*C58*$M58) | P58: =IF(B58="","",IF(N58<'Decrements and Parameters'!$G$7,0,MIN(Curr_Salary*(1+$C$17)^(N58-Completed_yrs_service)*(N58+1)*Salary_Percentage,$F$16)*($L58*($M58-M58*$C58)))) | Q58: =IF(B58="","",O58+P58) | R58: =IF(B58="","",1/(1+'Decrements and Parameters'!$G$6)^(F58-Completed_yrs_service+1)) | T58: =IF(B58<Retirement_Age,VLOOKUP(B58,'Decrements and Parameters'!$G$16:$J$78,4,FALSE),IF(B58=Retirement_Age,1,"")) | U58: =IF(B58="","",IF(B58=Age_OnVal_Date,1,U57*(1-C57)*(1-T57))) | V58: =N58 | W58: =IF(B58="","",MIN(Curr_Salary*(1+$C$17)^(F58-Completed_yrs_service)*F58*Salary_Percentage,$F$16)*C58*$U58) | X58: =IF(B58="","",IF(V58<'Decrements and Parameters'!$H$7,0,MIN(Curr_Salary*(1+$C$17)^(V58-Completed_yrs_service)*(V58+1)*Salary_Percentage,$F$16)*$T58*($U58-U58*$C58))) | Y58: =IF(B58="","",W58+X58) | Z58: =IF(B58="","",1/(1+'Decrements and Parameters'!$H$6)^(F58-Completed_yrs_service+1)) | AB58: =IF(B58="","",MIN(Curr_Salary*(1+$C$17)^(F58-Completed_yrs_service)*F58*Salary_Percentage,$F$16))
B59: =IF(B58<Retirement_Age,B58+1,"") | C59: =IF(B59>Retirement_Age,"",VLOOKUP(B59,'Decrements and Parameters'!$B$16:$D$78,IF($C$13="M",2,3),FALSE)*'Decrements and Parameters'!$F$5) | D59: =IF(B59<Retirement_Age,VLOOKUP(B59,'Decrements and Parameters'!$G$16:$J$78,2,FALSE),IF(B59=Retirement_Age,1,"")) | E59: =IF(B59="","",IF(B59=Age_OnVal_Date,1,E58*(1-C58)*(1-D58))) | F59: =IF(B59="","",IF(B59=Age_OnVal_Date,$F$11,F58+1)) | G59: =IF(B59="","",MIN(Curr_Salary*(1+$C$17)^(F59-Completed_yrs_service)*F59*Salary_Percentage,$F$16)*C59*$E59) | H59: =IF(B59="","",IF(F59<'Decrements and Parameters'!$F$7,0,MIN(Curr_Salary*(1+$C$17)^(F59-Completed_yrs_service)*(F59+1)*Salary_Percentage,$F$16)*($D59*($E59*(1-$C59))))) | I59: =IF(B59="","",G59+H59) | J59: =IF(B59="","",1/(1+Discount_Rate)^(F59-Completed_yrs_service+1)) | L59: =IF(B59<Retirement_Age,VLOOKUP(B59,'Decrements and Parameters'!$G$16:$J$78,3,FALSE),IF(B59=Retirement_Age,1,"")) | M59: =IF(B59="","",IF(B59=Age_OnVal_Date,1,M58*(1-C58)*(1-L58))) | N59: =F59 | O59: =IF(B59="","",MIN(Curr_Salary*(1+$C$17)^(N59-Completed_yrs_service)*N59*Salary_Percentage,$F$16)*C59*$M59) | P59: =IF(B59="","",IF(N59<'Decrements and Parameters'!$G$7,0,MIN(Curr_Salary*(1+$C$17)^(N59-Completed_yrs_service)*(N59+1)*Salary_Percentage,$F$16)*($L59*($M59-M59*$C59)))) | Q59: =IF(B59="","",O59+P59) | R59: =IF(B59="","",1/(1+'Decrements and Parameters'!$G$6)^(F59-Completed_yrs_service+1)) | T59: =IF(B59<Retirement_Age,VLOOKUP(B59,'Decrements and Parameters'!$G$16:$J$78,4,FALSE),IF(B59=Retirement_Age,1,"")) | U59: =IF(B59="","",IF(B59=Age_OnVal_Date,1,U58*(1-C58)*(1-T58))) | V59: =N59 | W59: =IF(B59="","",MIN(Curr_Salary*(1+$C$17)^(F59-Completed_yrs_service)*F59*Salary_Percentage,$F$16)*C59*$U59) | X59: =IF(B59="","",IF(V59<'Decrements and Parameters'!$H$7,0,MIN(Curr_Salary*(1+$C$17)^(V59-Completed_yrs_service)*(V59+1)*Salary_Percentage,$F$16)*$T59*($U59-U59*$C59))) | Y59: =IF(B59="","",W59+X59) | Z59: =IF(B59="","",1/(1+'Decrements and Parameters'!$H$6)^(F59-Completed_yrs_service+1)) | AB59: =IF(B59="","",MIN(Curr_Salary*(1+$C$17)^(F59-Completed_yrs_service)*F59*Salary_Percentage,$F$16))
B60: =IF(B59<Retirement_Age,B59+1,"") | C60: =IF(B60>Retirement_Age,"",VLOOKUP(B60,'Decrements and Parameters'!$B$16:$D$78,IF($C$13="M",2,3),FALSE)*'Decrements and Parameters'!$F$5) | D60: =IF(B60<Retirement_Age,VLOOKUP(B60,'Decrements and Parameters'!$G$16:$J$78,2,FALSE),IF(B60=Retirement_Age,1,"")) | E60: =IF(B60="","",IF(B60=Age_OnVal_Date,1,E59*(1-C59)*(1-D59))) | F60: =IF(B60="","",IF(B60=Age_OnVal_Date,$F$11,F59+1)) | G60: =IF(B60="","",MIN(Curr_Salary*(1+$C$17)^(F60-Completed_yrs_service)*F60*Salary_Percentage,$F$16)*C60*$E60) | H60: =IF(B60="","",IF(F60<'Decrements and Parameters'!$F$7,0,MIN(Curr_Salary*(1+$C$17)^(F60-Completed_yrs_service)*(F60+1)*Salary_Percentage,$F$16)*($D60*($E60*(1-$C60))))) | I60: =IF(B60="","",G60+H60) | J60: =IF(B60="","",1/(1+Discount_Rate)^(F60-Completed_yrs_service+1)) | L60: =IF(B60<Retirement_Age,VLOOKUP(B60,'Decrements and Parameters'!$G$16:$J$78,3,FALSE),IF(B60=Retirement_Age,1,"")) | M60: =IF(B60="","",IF(B60=Age_OnVal_Date,1,M59*(1-C59)*(1-L59))) | N60: =F60 | O60: =IF(B60="","",MIN(Curr_Salary*(1+$C$17)^(N60-Completed_yrs_service)*N60*Salary_Percentage,$F$16)*C60*$M60) | P60: =IF(B60="","",IF(N60<'Decrements and Parameters'!$G$7,0,MIN(Curr_Salary*(1+$C$17)^(N60-Completed_yrs_service)*(N60+1)*Salary_Percentage,$F$16)*($L60*($M60-M60*$C60)))) | Q60: =IF(B60="","",O60+P60) | R60: =IF(B60="","",1/(1+'Decrements and Parameters'!$G$6)^(F60-Completed_yrs_service+1)) | T60: =IF(B60<Retirement_Age,VLOOKUP(B60,'Decrements and Parameters'!$G$16:$J$78,4,FALSE),IF(B60=Retirement_Age,1,"")) | U60: =IF(B60="","",IF(B60=Age_OnVal_Date,1,U59*(1-C59)*(1-T59))) | V60: =N60 | W60: =IF(B60="","",MIN(Curr_Salary*(1+$C$17)^(F60-Completed_yrs_service)*F60*Salary_Percentage,$F$16)*C60*$U60) | X60: =IF(B60="","",IF(V60<'Decrements and Parameters'!$H$7,0,MIN(Curr_Salary*(1+$C$17)^(V60-Completed_yrs_service)*(V60+1)*Salary_Percentage,$F$16)*$T60*($U60-U60*$C60))) | Y60: =IF(B60="","",W60+X60) | Z60: =IF(B60="","",1/(1+'Decrements and Parameters'!$H$6)^(F60-Completed_yrs_service+1)) | AB60: =IF(B60="","",MIN(Curr_Salary*(1+$C$17)^(F60-Completed_yrs_service)*F60*Salary_Percentage,$F$16))
... B68: =IF(B67<Retirement_Age,B67+1,"") | C68: =IF(B68>Retirement_Age,"",VLOOKUP(B68,'Decrements and Parameters'!$B$16:$D$78,IF($C$13="M",2,3),FALSE)*'Decrements and Parameters'!$F$5) | D68: =IF(B68<Retirement_Age,VLOOKUP(B68,'Decrements and Parameters'!$G$16:$J$78,2,FALSE),IF(B68=Retirement_Age,1,"")) | E68: =IF(B68="","",IF(B68=Age_OnVal_Date,1,E67*(1-C67)*(1-D67))) | F68: =IF(B68="","",IF(B68=Age_OnVal_Date,$F$11,F67+1)) | G68: =IF(B68="","",MIN(Curr_Salary*(1+$C$17)^(F68-Completed_yrs_service)*F68*Salary_Percentage,$F$16)*C68*$E68) | H68: =IF(B68="","",IF(F68<'Decrements and Parameters'!$F$7,0,MIN(Curr_Salary*(1+$C$17)^(F68-Completed_yrs_service)*(F68+1)*Salary_Percentage,$F$16)*($D68*($E68*(1-$C68))))) | I68: =IF(B68="","",G68+H68) | J68: =IF(B68="","",1/(1+Discount_Rate)^(F68-Completed_yrs_service+1)) | L68: =IF(B68<Retirement_Age,VLOOKUP(B68,'Decrements and Parameters'!$G$16:$J$78,3,FALSE),IF(B68=Retirement_Age,1,"")) | M68: =IF(B68="","",IF(B68=Age_OnVal_Date,1,M67*(1-C67)*(1-L67))) | N68: =F68 | O68: =IF(B68="","",MIN(Curr_Salary*(1+$C$17)^(N68-Completed_yrs_service)*N68*Salary_Percentage,$F$16)*C68*$M68) | P68: =IF(B68="","",IF(N68<'Decrements and Parameters'!$G$7,0,MIN(Curr_Salary*(1+$C$17)^(N68-Completed_yrs_service)*(N68+1)*Salary_Percentage,$F$16)*($L68*($M68-M68*$C68)))) | Q68: =IF(B68="","",O68+P68) | R68: =IF(B68="","",1/(1+'Decrements and Parameters'!$G$6)^(F68-Completed_yrs_service+1)) | T68: =IF(B68<Retirement_Age,VLOOKUP(B68,'Decrements and Parameters'!$G$16:$J$78,4,FALSE),IF(B68=Retirement_Age,1,"")) | U68: =IF(B68="","",IF(B68=Age_OnVal_Date,1,U67*(1-C67)*(1-T67))) | V68: =N68 | W68: =IF(B68="","",MIN(Curr_Salary*(1+$C$17)^(F68-Completed_yrs_service)*F68*Salary_Percentage,$F$16)*C68*$U68) | X68: =IF(B68="","",IF(V68<'Decrements and Parameters'!$H$7,0,MIN(Curr_Salary*(1+$C$17)^(V68-Completed_yrs_service)*(V68+1)*Salary_Percentage,$F$16)*$T68*($U68-U68*$C68))) | Y68: =IF(B68="","",W68+X68) | Z68: =IF(B68="","",1/(1+'Decrements and Parameters'!$H$6)^(F68-Completed_yrs_service+1)) | AB68: =IF(B68="","",MIN(Curr_Salary*(1+$C$17)^(F68-Completed_yrs_service)*F68*Salary_Percentage,$F$16))

Sheet Data Table
B1: This sheet projects the liability for all the members.
H2: PV of Total Liability | I2: Total Accrued Benefit Amount | J2: PV of Total Liability Scenario1 | K2: Total Accrued Benefit Amount Scenario1 | L2: PV of Total Liability Scenario2 | M2: Total Accrued Benefit Amount Scenario2
H3: =SUM(H9:H33) -> 7442708.4 | I3: =SUM(I9:I33) -> 7765985 | J3: =SUM(J9:J33) -> 8744094.3 | K3: =SUM(K9:K33) -> 7765985 | L3: =SUM(L9:L33) -> 8033979.2 | M3: =SUM(M9:M33) -> 7740985
B4: Results
B6: S.No. | C6: Emp ID | D6: Name | E6: Current Age | F6: Current Salary | G6: Past Service | H6: Benefit Liability | I6: Benefit Accrued Amount | J6: Benefit Liability_Scenario1 | K6: Accrued_Scenario1 | L6: Benefit Liability_Scenario2 | M6: Accrued_Scenario2
C8: =Projections!C9 -> ABC 6 | D8: =Projections!C10 -> EC-0013 | E8: =Projections!F9 -> 35 | F8: =Projections!C14 -> 164510 | G8: =Projections!F11 -> 5 | H8: =Projections!F14 -> 285213.36 | I8: =Projections!F12 -> 411275 | J8: =Projections!G14 -> 551522.95 | K8: =Projections!G12 -> 411275 | L8: =Projections!H14 -> 377199.98 | M8: =Projections!H12 -> 411275
B9: 1 | C9: ABC 1 | D9: EC-0001 | E9: 38 | F9: 526700 | G9: 9 | H9: 333580.79 | I9: 1000000 | J9: 665094.12 | K9: 1000000 | L9: 432458.79 | M9: 1000000
B10: 2 | C10: ABC 2 | D10: EC-0002 | E10: 42 | F10: 512550 | G10: 9 | H10: 400414.85 | I10: 1000000 | J10: 674841.87 | K10: 1000000 | L10: 477916.86 | M10: 1000000
B11: 3 | C11: ABC 3 | D11: EC-0003 | E11: 53 | F11: 526700 | G11: 9 | H11: 667448.24 | I11: 1000000 | J11: 754287.14 | K11: 1000000 | L11: 687550.85 | M11: 1000000
B12: 4 | C12: ABC 4 | D12: EC-0004 | E12: 53 | F12: 510840 | G12: 9 | H12: 667448.24 | I12: 1000000 | J12: 754287.14 | K12: 1000000 | L12: 687550.85 | M12: 1000000
B13: 5 | C13: ABC 5 | D13: EC-0005 | E13: 36 | F13: 210000 | G13: 9 | H13: 304254.59 | I13: 945000 | J13: 661494.61 | K13: 945000 | L13: 413438.8 | M13: 945000
B14: 6 | C14: ABC 6 | D14: EC-0013 | E14: 35 | F14: 164510 | G14: 5 | H14: 285213.36 | I14: 411275 | J14: 551522.95 | K14: 411275 | L14: 377199.98 | M14: 411275
B15: 7 | C15: ABC 7 | D15: EC-0023 | E15: 33 | F15: 92000 | G15: 8 | H15: 257635.75 | I15: 368000 | J15: 486929.12 | K15: 368000 | L15: 344366.78 | M15: 368000
B16: 8 | C16: ABC 8 | D16: EC-0025 | E16: 37 | F16: 55025 | G16: 8 | H16: 297322.57 | I16: 220100 | J16: 357534.66 | K16: 220100 | L16: 329747.94 | M16: 220100
B17: 9 | C17: ABC 9 | D17: EC-0029 | E17: 43 | F17: 54023 | G17: 5 | H17: 376806.69 | I17: 135057.5 | J17: 303786.5 | K17: 135057.5 | L17: 362609.16 | M17: 135057.5
B18: 10 | C18: ABC 10 | D18: EC-0033 | E18: 35 | F18: 56011 | G18: 8 | H18: 272681.87 | I18: 224044 | J18: 360194.22 | K18: 224044 | L18: 316099.33 | M18: 224044
B19: 11 | C19: ABC 11 | D19: EC-0035 | E19: 36 | F19: 56454 | G19: 7 | H19: 283394.71 | I19: 197589 | J19: 343687.04 | K19: 197589 | L19: 317407.92 | M19: 197589
B20: 12 | C20: ABC 12 | D20: EC-0099 | E20: 31 | F20: 52000 | G20: 7 | H20: 225930.5 | I20: 182000 | J20: 321725.4 | K20: 182000 | L20: 277580.94 | M20: 182000
... B33: 25 | C33: ABC 25 | D33: EC-0175 | E33: 29 | F33: 18963 | G33: 0 | H33: 178928.18 | I33: 0 | J33: 83467.342 | K33: 0 | L33: 151913.31 | M33: 0

Sheet Chart
D2: PV of liability | E2: Accrued
C3: Base | D3: ='Data Table'!H3 -> 7442708.4 | E3: ='Data Table'!I3 -> 7765985
C4: Scn 1 | D4: ='Data Table'!J3 -> 8744094.3 | E4: ='Data Table'!K3 -> 7765985
C5: Scn 2 | D5: ='Data Table'!L3 -> 8033979.2 | E5: ='Data Table'!M3 -> 7740985
